Workbook

Sheet Summary
B2: ETERNAL LIMITED (NSE: ETERNAL · BSE: 543320 · formerly Zomato Ltd)
B3: Date - March 2nd, 2026.
A5: # | B5: RATING | C5: BUY
B7: Current market price (2-Mar-2026) | C7: =Assumptions!$D$6 -> 242.87
B8: 12-month target price | C8: =ROUND(E20,0) -> 297
B9: Implied price upside | C9: =C8/C7-1 -> 0.22287644
B10: Implied total return | C10: =C9 -> 0.22287644
B12: Market capitalisation (₹ cr) | C12: =Assumptions!$D$8 -> 234379.26
B13: Shares outstanding (crore) | C13: =Assumptions!$D$7 -> 965.04
B14: Net cash after lease liabilities, FY26E (₹ cr) | C14: =Model!E92 -> 18911.497
A16: # | B16: VALUATION TRIANGULATION | C16: Value/share | D16: Weight | E16: Contribution
B17: Discounted cash flow (FCFF, 9-year explicit to FY35E) | C17: =DCF!N39 -> 251.42107 | D17: 0.3 | E17: =C17*D17 -> 75.426322
B18: Sum-of-the-parts on FY30E segment metrics | C18: =SOTP!$D$24 -> 336.0702 | D18: 0.5 | E18: =C18*D18 -> 168.0351
B19: Relative valuation, three routes triangulated (see Comps) | C19: =Comps!$H$31 -> 266.94481 | D19: 0.2 | E19: =C19*D19 -> 53.388963
B20: Blended fair value | D20: =SUM(D17:D19) -> 1 | E20: =SUM(E17:E19) -> 296.85039
B21: Probability-weighted scenario value | E21: =Scenarios!$G$41 -> 267.8219
A23: # | B23: KEY FINANCIALS (₹ cr) | C23: FY25A | D23: FY26E | E23: FY27E | F23: FY28E | G23: FY29E
B24: Net order value, B2C (₹ cr) | C24: =RevBuild!D42 -> 62290.985 | D24: =RevBuild!E42 -> 96765.787 | E24: =RevBuild!F42 -> 139409 | F24: =RevBuild!G42 -> 188619.07 | G24: =RevBuild!H42 -> 241983.28
B25: Revenue from operations (₹ cr) | C25: =Model!D6 -> 20241.73 | D25: =Model!E6 -> 54670.182 | E25: =Model!F6 -> 95618.265 | F25: =Model!G6 -> 134814.2 | G25: =Model!H6 -> 177601.87
B26: Adjusted EBITDA (₹ cr) | C26: =Model!D19 -> 765.94938 | D26: =Model!E19 -> 1152.5053 | E26: =Model!F19 -> 3985.0552 | F26: =Model!G19 -> 7655.4012 | G26: =Model!H19 -> 12016.294
B27: Adjusted EBITDA margin on NOV | C27: =Model!D19/RevBuild!D42 -> 0.012296312 | D27: =Model!E19/RevBuild!E42 -> 0.011910256 | E27: =Model!F19/RevBuild!F42 -> 0.028585351 | F27: =Model!G19/RevBuild!G42 -> 0.04058657 | G27: =Model!H19/RevBuild!H42 -> 0.049657539
B28: EBIT (₹ cr) | C28: =Model!D25 -> -225.19712 | D28: =Model!E25 -> -228.28574 | E28: =Model!F25 -> 2740.7282 | F28: =Model!G25 -> 6472.5325 | G28: =Model!H25 -> 10833.328
B29: PAT (₹ cr) | C29: =Model!D30 -> 527.53898 | D29: =Model!E30 -> 382.94396 | E29: =Model!F30 -> 2561.0468 | F29: =Model!G30 -> 5842.9716 | G29: =Model!H30 -> 9997.5864
B30: EPS (₹) | C30: =Model!D32 -> 0.60063643 | D30: =Model!E32 -> 0.39681668 | E30: =Model!F32 -> 2.6538245 | F30: =Model!G32 -> 6.0546419 | G30: =Model!H32 -> 10.359764
B31: EV / NOV (x) | C31: =(Assumptions!$D$8-Model!D92)/RevBuild!D42 -> 3.4927568 | D31: =(Assumptions!$D$8-Model!E92)/RevBuild!E42 -> 2.2266937 | E31: =(Assumptions!$D$8-Model!F92)/RevBuild!F42 -> 1.5276794 | F31: =(Assumptions!$D$8-Model!G92)/RevBuild!G42 -> 1.0986171 | G31: =(Assumptions!$D$8-Model!H92)/RevBuild!H42 -> 0.81410149
A33: # | B33: AUDIT CHECKS
B34: Model balance sheet check, FY25A-FY35E (all must be zero) | C34: =Model!D55 -> 0 | D34: =Model!E55 -> 0 | E34: =Model!F55 -> 0 | F34: =Model!G55 -> 0 | G34: =Model!H55 -> 0 | H34: =Model!I55 -> 0 | I34: =Model!J55 -> 0 | J34: =Model!K55 -> 0 | ... M34: =Model!N55 -> 0
B35: Segment revenue build vs reported, FY25A (₹ cr) | C35: =RevBuild!D46 -> -1.2703323
B36: Q3FY26 segment NOV build vs disclosed B2C NOV (₹ cr) | C36: =Historicals!I86 -> -24.198582
B37: DuPont ROE vs direct ROE, FY26E-FY35E (must be zero) | C37: =Ratios!E20 -> 0 | D37: =Ratios!F20 -> 0 | E37: =Ratios!G20 -> 0 | F37: =Ratios!H20 -> 0 | G37: =Ratios!I20 -> 0 | H37: =Ratios!J20 -> 0 | I37: =Ratios!K20 -> 0 | J37: =Ratios!L20 -> 0 | ... L37: =Ratios!N20 -> 0
B38: Equity roll-forward vs balance sheet, FY26E-FY35E (must be zero) | C38: =Model!E63-Model!E53 -> 0 | D38: =Model!F63-Model!F53 -> 0 | E38: =Model!G63-Model!G53 -> 0 | F38: =Model!H63-Model!H53 -> 0 | G38: =Model!I63-Model!I53 -> 0 | H38: =Model!J63-Model!J53 -> 0 | I38: =Model!K63-Model!K53 -> 0 | J38: =Model!L63-Model!L53 -> 0 | ... L38: =Model!N63-Model!N53 -> 0
B39: Scenario probabilities sum to 100% | C39: =Scenarios!$F$42 -> 1
B40: FY26E closing cash vs disclosed 31-Dec-25 balance (₹ cr, informational) | C40: =Model!E35-Assumptions!$D$11 -> 5781.4966
B41: Reported historical balance sheet check, FY21A-FY25A (must be zero) | C41: =Historicals!D34 -> 0 | D41: =Historicals!E34 -> 0 | E41: =Historicals!F34 -> 0 | F41: =Historicals!G34 -> 0 | G41: =Historicals!H34 -> 0
B42: Model FY25A revenue vs reported FY25A (₹ cr, informational) | C42: =Model!D6-Historicals!H6 -> -1.2703323
B43: Explicit forecast horizon extended to FY35E; historicals now run as one continuous income statement, balance sheet and cash flow from FY21A.

Sheet Historicals
B2: Reported Historicals
A4: # | B4: Reported financials | C4: Units | D4: FY21A | E4: FY22A | F4: FY23A | G4: FY24A | H4: FY25A | I4: Q3FY26A | J4: 9MFY26A
A5: # | B5: 1. CONSOLIDATED INCOME STATEMENT (₹ cr)
B6: Revenue from operations | C6: ₹ cr | D6: 1994 | E6: 4192 | F6: 7079 | G6: 12114 | H6: 20243 | I6: 16315 | J6: 37072
B7: YoY growth | C7: % | E7: =E6/D6-1 -> 1.1023069 | F7: =F6/E6-1 -> 0.68869275 | G7: =G6/F6-1 -> 0.71125865 | H7: =H6/G6-1 -> 0.67104177
B8: Total operating expenditure (ex-D&A, ex-finance costs) | C8: ₹ cr | D8: -2461 | E8: -6043 | F8: -8290 | G8: -12071 | H8: -19606 | I8: -15947 | J8: -36350
B9: Operating Profit | C9: ₹ cr | D9: =D6+D8 -> -467 | E9: =E6+E8 -> -1851 | F9: =F6+F8 -> -1211 | G9: =G6+G8 -> 43 | H9: =H6+H8 -> 637 | I9: =I6+I8 -> 368 | J9: =J6+J8 -> 722
B10: Operating margin | C10: % | D10: =D9/D6 -> -0.23420261 | E10: =E9/E6 -> -0.44155534 | F10: =F9/F6 -> -0.17106936 | G10: =G9/G6 -> 0.003549612 | H10: =H9/H6 -> 0.031467668 | I10: =I9/I6 -> 0.02255593 | J10: =J9/J6 -> 0.019475615
B11: Other income (treasury & fair-value) | C11: ₹ cr | D11: -200 | E11: 793 | F11: 682 | G11: 846 | H11: 1077 | I11: 348 | J11: 1054
B12: Depreciation & amortisation | C12: ₹ cr | D12: -138 | E12: -150 | F12: -437 | G12: -526 | H12: -863 | I12: -439 | J12: -1129
B13: Finance costs | C13: ₹ cr | D13: -10 | E13: -12 | F13: -49 | G13: -72 | H13: -154 | I13: -106 | J13: -260
B14: Profit before tax | C14: ₹ cr | D14: =SUM(D9:D13) -> -815.2342 | E14: =SUM(E9:E13) -> -1220.4416 | F14: =SUM(F9:F13) -> -1015.1711 | G14: =SUM(G9:G13) -> 291.00355 | H14: =SUM(H9:H13) -> 697.03147 | I14: =SUM(I9:I13) -> 171.02256 | J14: =SUM(J9:J13) -> 387.01948
B15: Tax (expense) / credit | C15: ₹ cr | D15: -1 | E15: -2 | F15: 44 | G15: 60 | H15: -170 | I15: -68 | J15: -195
B16: Profit after tax | C16: ₹ cr | D16: =SUM(D14:D15) -> -816.2342 | E16: =SUM(E14:E15) -> -1222.4416 | F16: =SUM(F14:F15) -> -971.17107 | G16: =SUM(G14:G15) -> 351.00355 | H16: =SUM(H14:H15) -> 527.03147 | I16: =SUM(I14:I15) -> 103.02256 | J16: =SUM(J14:J15) -> 192.01948
B17: EPS - basic | C17: ₹ | E17: -1.54 | F17: -1.14 | G17: 0.4 | H17: 0.55 | I17: 0.11 | J17: 0.21
B18: Arithmetic check: EBITDA + other income - D&A - finance | D18: =IF(ABS(D9+D11+D12+D13-D14)<=1,0,D9+D11+D12+D13-D14) -> 0 | E18: =IF(ABS(E9+E11+E12+E13-E14)<=1,0,E9+E11+E12+E13-E14) -> 0 | F18: =IF(ABS(F9+F11+F12+F13-F14)<=1,0,F9+F11+F12+F13-F14) -> 0 | G18: =IF(ABS(G9+G11+G12+G13-G14)<=1,0,G9+G11+G12+G13-G14) -> 0 | H18: =IF(ABS(H9+H11+H12+H13-H14)<=1,0,H9+H11+H12+H13-H14) -> 0 | I18: =IF(ABS(I9+I11+I12+I13-I14)<=1,0,I9+I11+I12+I13-I14) -> 0 | J18: =IF(ABS(J9+J11+J12+J13-J14)<=1,0,J9+J11+J12+J13-J14) -> 0
A20: # | B20: 2. CONSOLIDATED BALANCE SHEET (₹ cr) - as reported
B21: Equity share capital | C21: ₹ cr | D21: 0 | E21: 764 | F21: 836 | G21: 868 | H21: 907
B22: Other equity (reserves & surplus) | C22: ₹ cr | D22: 7644 | E22: 15741 | F22: 18624 | G22: 19545 | H22: 29410
B23: TOTAL EQUITY | C23: ₹ cr | D23: =D21+D22 -> 7644 | E23: =E21+E22 -> 16505 | F23: =F21+F22 -> 19460 | G23: =G21+G22 -> 20413 | H23: =H21+H22 -> 30317
B24: Lease liabilities & borrowings | C24: ₹ cr | D24: 527 | E24: 70 | F24: 507 | G24: 749 | H24: 2045
B25: Other liabilities (payables, provisions, other) | C25: ₹ cr | D25: 532 | E25: 751 | F25: 1632 | G25: 2194 | H25: 3261
B26: TOTAL LIABILITIES | C26: ₹ cr | D26: =D24+D25 -> 1059 | E26: =E24+E25 -> 821 | F26: =F24+F25 -> 2139 | G26: =G24+G25 -> 2943 | H26: =H24+H25 -> 5306
B27: TOTAL EQUITY & LIABILITIES | C27: ₹ cr | D27: =D23+D26 -> 8703 | E27: =E23+E26 -> 17326 | F27: =F23+F26 -> 21599 | G27: =G23+G26 -> 23356 | H27: =H23+H26 -> 35623
B29: Fixed assets (PP&E, ROU, goodwill, intangibles) | C29: ₹ cr | D29: 1539 | E29: 1404 | F29: 6344 | G29: 6448 | H29: 9532
B30: Capital work in progress | C30: ₹ cr | D30: 0 | E30: 1 | F30: 7 | G30: 18 | H30: 51
B31: Investments (treasury portfolio) | C31: ₹ cr | D31: 2205 | E31: 4718 | F31: 6765 | G31: 11645 | H31: 13192
B32: Other assets (cash, inventory, receivables, other) | C32: ₹ cr | D32: 4959 | E32: 11203 | F32: 8483 | G32: 5245 | H32: 12848
B33: TOTAL ASSETS | C33: ₹ cr | D33: =SUM(D29:D32) -> 8703 | E33: =SUM(E29:E32) -> 17326 | F33: =SUM(F29:F32) -> 21599 | G33: =SUM(G29:G32) -> 23356 | H33: =SUM(H29:H32) -> 35623
B34: Balance check (must be zero) | D34: =D33-D27 -> 0 | E34: =E33-E27 -> 0 | F34: =F33-F27 -> 0 | G34: =G33-G27 -> 0 | H34: =H33-H27 -> 0
B35: Memo: net cash & investments | C35: ₹ cr | D35: =D31+D32-D25 -> 6632 | E35: =E31+E32-E25 -> 15170 | F35: =F31+F32-F25 -> 13616 | G35: =G31+G32-G25 -> 14696 | H35: =H31+H32-H25 -> 22779
A37: # | B37: 3. CONSOLIDATED CASH FLOW STATEMENT (₹ cr) - as reported
B38: Cash from operating activities | C38: ₹ cr | D38: -1018 | E38: -693 | F38: -844 | G38: 646 | H38: 308
B39: Cash from investing activities | C39: ₹ cr | D39: -5245 | E39: -7971 | F39: 797 | G39: -348 | H39: -7993
B40: Cash from financing activities | C40: ₹ cr | D40: 6402 | E40: 8750 | F40: -127 | G40: -207 | H40: 8042
B41: Net change in cash | C41: ₹ cr | D41: =SUM(D38:D40) -> 139 | E41: =SUM(E38:E40) -> 86 | F41: =SUM(F38:F40) -> -174 | G41: =SUM(G38:G40) -> 91 | H41: =SUM(H38:H40) -> 357
B42: Free cash flow (CFO less capex) | C42: ₹ cr | D42: -1028 | E42: -750 | F42: -945 | G42: 444 | H42: -623
B43: Implied capital expenditure | C43: ₹ cr | D43: =D38-D42 -> 10 | E43: =E38-E42 -> 57 | F43: =F38-F42 -> 101 | G43: =G38-G42 -> 202 | H43: =H38-H42 -> 931
B44: Operating cash flow as % of EBITDA | C44: % | D44: =IF(D9>0,D38/D9,"") | E44: =IF(E9>0,E38/E9,"") | F44: =IF(F9>0,F38/F9,"") | G44: =IF(G9>0,G38/G9,"") -> 15.023256 | H44: =IF(H9>0,H38/H9,"") -> 0.48351648
A46: # | B46: 4. DERIVED WORKING-CAPITAL AND RETURN TRENDS
B47: Inventory days | C47: days | D47: 28 | E47: 28 | F47: 22 | G47: 11 | H47: 12
B48: Debtor days | C48: days | D48: 24 | E48: 14 | F48: 24 | G48: 24 | H48: 35
B49: Days payable | C49: days | D49: 565 | E49: 298 | F49: 178 | G49: 112 | H49: 101
B50: Cash conversion cycle | C50: days | D50: =D47+D48-D49 -> -513 | E50: =E47+E48-E49 -> -256 | F50: =F47+F48-F49 -> -132 | G50: =G47+G48-G49 -> -77 | H50: =H47+H48-H49 -> -54
B51: Working capital days | C51: days | D51: 96 | E51: 316 | F51: 200 | G51: 41 | H51: 45
B52: Capex as % of revenue | C52: % | D52: =D43/D6 -> 0.0050150451 | E52: =E43/E6 -> 0.013597328 | F52: =F43/F6 -> 0.014267552 | G52: =G43/G6 -> 0.016674922 | H52: =H43/H6 -> 0.045991207
B53: Return on capital employed | C53: % | D53: -0.12 | E53: -0.13 | F53: -0.06 | G53: 0.01 | H53: 0.03
B54: Revenue growth, YoY | C54: % | E54: =E6/D6-1 -> 1.1023069 | F54: =F6/E6-1 -> 0.68869275 | G54: =G6/F6-1 -> 0.71125865 | H54: =H6/G6-1 -> 0.67104177
B55: Memo: model's forecast cash conversion cycle, FY27E | C55: days | H55: =Ratios!F33 -> -8
A57: # | B57: 5. OPERATING EXPENDITURE DETAIL - disclosed by line only from FY25A
B58: Purchases of stock-in-trade | C58: ₹ cr | H58: -5653 | I58: -10076 | J58: -21428
B59: Cost of materials consumed | C59: ₹ cr | H59: 0 | I59: -15 | J59: -15
B60: Changes in inventories | C60: ₹ cr | H60: 88 | I60: 290 | J60: 1616
B61: Employee benefits expense | C61: ₹ cr | H61: -2558 | I61: -914 | J61: -2609
B62: Advertisement & sales promotion | C62: ₹ cr | H62: -1972 | I62: -937 | J62: -2414
B63: Delivery & related charges | C63: ₹ cr | H63: -5728 | I63: -2376 | J63: -6458
B64: Other expenses | C64: ₹ cr | H64: -3783 | I64: -1919 | J64: -5042
B65: Total per expense detail | C65: ₹ cr | H65: =SUM(H58:H64) -> -19606 | I65: =SUM(I58:I64) -> -15947 | J65: =SUM(J58:J64) -> -36350
B66: Check vs total operating expenditure | H66: =H65-H8 -> 0 | I66: =I65-I8 -> 0 | J66: =J65-J8 -> 0
A68: # | B68: 6. SEGMENT REVENUE FROM EXTERNAL CUSTOMERS (₹ cr)
B69: India food ordering & delivery | C69: ₹ cr | H69: 8080 | I69: 2676 | J69: 7422
B70: Quick commerce (Blinkit) | C70: ₹ cr | H70: 5206 | I70: 12256 | J70: 24547
B71: Hyperpure supplies (B2B) | C71: ₹ cr | H71: 6196 | I71: 1070 | J71: 4388
B72: Going-out (District) | C72: ₹ cr | H72: 731 | I72: 300 | J72: 692
B73: All other segments (residual) | C73: ₹ cr | H73: 30 | I73: 13 | J73: 23
B74: Total segment revenue | C74: ₹ cr | H74: =SUM(H69:H73) -> 20243 | I74: =SUM(I69:I73) -> 16315 | J74: =SUM(J69:J73) -> 37072
B75: Cross-check vs reported revenue (must be zero) | H75: =H74-H6 -> 0 | I75: =I74-I6 -> 0 | J75: =J74-J6 -> 0
A77: # | B77: 7. ADJUSTED EBITDA BY SEGMENT AND THE B2C NOV BUILD (₹ cr) - Q3 FY26
B78: Adjusted EBITDA - food delivery | C78: ₹ cr | I78: 531
B79: Adjusted EBITDA - quick commerce | C79: ₹ cr | I79: 4
B80: Adjusted EBITDA - going-out | C80: ₹ cr | I80: -121
B81: Adjusted EBITDA - Hyperpure | C81: ₹ cr | I81: 1
B82: Adjusted EBITDA - other segments | C82: ₹ cr | I82: -51
B83: Consolidated adjusted EBITDA (disclosed ₹364cr) | C83: ₹ cr | I83: =SUM(I78:I82) -> 364
B84: Implied NOV - food delivery (₹531cr ÷ 5.4%) | C84: ₹ cr | I84: =I78/0.054 -> 9833.3333
B85: Implied NOV - going-out (₹121cr ÷ 4.7%) | C85: ₹ cr | I85: =-I80/0.047 -> 2574.4681
B86: NOV build vs disclosed B2C NOV of ₹25,732cr | I86: =I84+13300+I85-25732 -> -24.198582
A88: # | B88: 8. OPERATING METRICS
B89: Blinkit dark stores, period end | G89: 526 | H89: 1301 | I89: 2027 | J89: 2027
B90: Net new dark stores added in period | H90: 775 | I90: 211 | J90: 726
B91: Blinkit NOV | H91: 22371 | I91: 13300 | J91: 34182
B92: Blinkit NOV growth YoY | H92: 1.13 | I92: 1.21 | J92: 1.28
B93: Blinkit NOV per store per day (₹ lakh, derived) | H93: 6.71 | I93: 7.52 | J93: 7.52
B94: Share of Blinkit NOV on own inventory | I94: ~90%
B95: Food delivery NOV growth YoY | I95: 0.166
B96: Food delivery GOV growth YoY | I96: 0.213
B97: Food delivery adj. EBITDA margin on NOV | I97: 0.054
B98: Blinkit adj. EBITDA margin on NOV | I98: 0
B99: India quick commerce NOV share - Blinkit | I99: 0.48
B100: India QC NOV share - Instamart / Zepto | I100: 24% / 22%

Sheet Assumptions
B2: Assumptions & Drivers
A4: # | B4: Driver | C4: Units | D4: FY25A | E4: FY26E | F4: FY27E | G4: FY28E | H4: FY29E | I4: FY30E | J4: FY31E | K4: FY32E | L4: FY33E | M4: FY34E | N4: FY35E
B5: MARKET DATA
B6: Current market price (CMP) | C6: ₹/sh | D6: 242.87
B7: Shares outstanding | C7: crore | D7: 965.04
B8: Market capitalisation | C8: ₹ cr | D8: =$D$6*$D$7 -> 234379.26
B9: 52-week high / low | C9: ₹/sh | D9: 368.40 / 189.60
B10: 12-month target price | C10: ₹/sh | D10: =Summary!$C$8 -> 297
B11: Cash, deposits & treasury investments, 31-Dec-2025 | C11: ₹ cr | D11: 17820
A13: # | B13: QUICK COMMERCE (BLINKIT) - DARK-STORE ROLL-FORWARD
B14: Dark stores, closing | C14: count | D14: 1301 | E14: 2300 | F14: 3300 | G14: 4300 | H14: 5200 | I14: 6000 | J14: 6700 | K14: 7300 | L14: 7800 | M14: 8200 | N14: 8500
B15: Net order value per store per day | C15: ₹ lakh | D15: 6.71 | E15: 7.39 | F15: 7.9 | G15: 8.5 | H15: 9.15 | I15: 9.8 | J15: 10.4 | K15: 10.95 | L15: 11.45 | M15: 11.9 | N15: 12.3
B16: Revenue as % of NOV | C16: % | D16: 0.2327 | E16: 0.778 | F16: 0.92 | G16: =F16 -> 0.92 | H16: =G16 -> 0.92 | I16: =H16 -> 0.92 | J16: =I16 -> 0.92 | K16: =J16 -> 0.92 | L16: =K16 -> 0.92 | M16: =L16 -> 0.92 | N16: =M16 -> 0.92
B17: Adjusted EBITDA margin (% of NOV) | C17: % | D17: -0.0327 | E17: -0.006 | F17: 0.02 | G17: 0.034 | H17: 0.044 | I17: 0.051 | J17: 0.055 | K17: 0.058 | L17: 0.06 | M17: 0.062 | N17: 0.064
A19: # | B19: FOOD DELIVERY (ZOMATO)
B20: Net order value | C20: ₹ cr | D20: 33300 | E20: 38300
B21: NOV growth, YoY | C21: % | F21: 0.17 | G21: 0.17 | H21: 0.15 | I21: 0.13 | J21: 0.11 | K21: 0.1 | L21: 0.09 | M21: 0.08 | N21: 0.075
B22: Revenue as % of NOV | C22: % | D22: 0.24259 | E22: 0.265 | F22: 0.275 | G22: 0.28 | H22: 0.285 | I22: 0.29 | J22: =I22 -> 0.29 | K22: =J22 -> 0.29 | L22: =K22 -> 0.29 | M22: =L22 -> 0.29 | N22: =M22 -> 0.29
B23: Adjusted EBITDA margin (% of NOV) | C23: % | D23: 0.048 | E23: 0.053 | F23: 0.059 | G23: 0.064 | H23: 0.068 | I23: 0.071 | J23: 0.073 | K23: 0.074 | L23: 0.075 | M23: 0.076 | N23: 0.077
A25: # | B25: GOING-OUT (DISTRICT) AND HYPERPURE
B26: Going-out net order value | C26: ₹ cr | D26: 6618 | E26: 9900
B27: Going-out NOV growth, YoY | C27: % | F27: 0.4 | G27: 0.32 | H27: 0.26 | I27: 0.22 | J27: 0.18 | K27: 0.15 | L27: 0.12 | M27: 0.1 | N27: 0.09
B28: Going-out revenue as % of NOV | C28: % | D28: 0.1105 | E28: 0.115 | F28: 0.12 | G28: 0.125 | H28: 0.128 | I28: 0.13 | J28: 0.13 | K28: 0.13 | L28: 0.13 | M28: 0.13 | N28: 0.13
B29: Going-out adjusted EBITDA margin (% of NOV) | C29: % | D29: -0.005 | E29: -0.04 | F29: -0.01 | G29: 0.015 | H29: 0.03 | I29: 0.05 | J29: 0.055 | K29: 0.06 | L29: 0.06 | M29: 0.06 | N29: 0.06
B30: Hyperpure revenue | C30: ₹ cr | D30: 6196 | E30: 5558
B31: Hyperpure revenue growth, YoY | C31: % | F31: 0.26 | G31: 0.24 | H31: 0.2 | I31: 0.17 | J31: 0.14 | K31: 0.11 | L31: 0.09 | M31: 0.08 | N31: 0.075
B32: Hyperpure adjusted EBITDA margin (% of revenue) | C32: % | D32: -0.009 | E32: 0 | F32: 0.015 | G32: 0.025 | H32: 0.035 | I32: 0.04 | J32: 0.045 | K32: 0.045 | L32: 0.045 | M32: 0.045 | N32: 0.045
B33: Other segments revenue (Bistro, Nugget) | C33: ₹ cr | D33: 30 | E33: 40 | F33: 350 | G33: 700 | H33: 1100 | I33: 1500 | J33: 1900 | K33: 2200 | L33: 2500 | M33: 2800 | N33: 3100
B34: Other segments adjusted EBITDA | C34: ₹ cr | D34: -12 | E34: -190 | F34: -240 | G34: -200 | H34: -120 | I34: -50 | J34: 0 | K34: 50 | L34: 100 | M34: 150 | N34: 200
A36: # | B36: COST, CAPITAL AND WORKING-CAPITAL DRIVERS
B37: Share-based payment expense | C37: ₹ cr | D37: 698 | E37: 810 | F37: =E37+50 -> 860 | G37: =F37+50 -> 910 | H37: =G37+50 -> 960 | I37: =H37+50 -> 1010 | J37: =I37+50 -> 1060 | K37: =J37+50 -> 1110 | L37: =K37+50 -> 1160 | M37: =L37+50 -> 1210 | N37: =M37+50 -> 1260
B38: Lease rent paid, per average dark store | C38: ₹ cr | D38: 0.441 | E38: 0.459 | F38: 0.477 | G38: 0.496 | H38: 0.516 | I38: 0.537 | J38: 0.558 | K38: 0.581 | L38: 0.604 | M38: 0.628 | N38: 0.653
B39: Lease rent paid, offices & warehouses | C39: ₹ cr | D39: 167 | E39: 188 | F39: 195 | G39: 211 | H39: 228 | I39: 246 | J39: 266 | K39: 287 | L39: 310 | M39: 335 | N39: 362
B40: Lease liability per closing dark store | C40: ₹ cr | D40: 1.05 | E40: 1.72 | F40: 1.85 | G40: 1.85 | H40: 1.85 | I40: 1.85 | J40: 1.85 | K40: 1.85 | L40: 1.85 | M40: 1.85 | N40: 1.85
B41: Lease liability, non-store (offices, warehouses) | C41: ₹ cr | D41: 680 | E41: 734 | F41: 793 | G41: 856 | H41: 925 | I41: 999 | J41: 1079 | K41: 1165 | L41: 1258 | M41: 1359 | N41: 1468
B42: Lease interest rate | C42: % | D42: 0.11 | E42: 0.11 | F42: 0.11 | G42: 0.11 | H42: 0.11 | I42: 0.11 | J42: 0.11 | K42: 0.11 | L42: 0.11 | M42: 0.11 | N42: 0.11
B43: Capital expenditure per new dark store | C43: ₹ cr | D43: 0.71 | E43: 0.75 | F43: 0.8 | G43: 0.84 | H43: 0.89 | I43: 0.95 | J43: 1 | K43: 1.06 | L43: 1.13 | M43: 1.2 | N43: 1.27
B44: Warehousing capex, % of quick commerce NOV | C44: % | D44: 0.0035 | E44: 0.0035 | F44: 0.0035 | G44: 0.0035 | H44: 0.0035 | I44: 0.0035 | J44: 0.0035 | K44: 0.0035 | L44: 0.0035 | M44: 0.0035 | N44: 0.0035
B45: Technology & other capex, % of non-QC revenue | C45: % | D45: 0.02 | E45: 0.02 | F45: 0.02 | G45: 0.02 | H45: 0.02 | I45: 0.02 | J45: 0.02 | K45: 0.02 | L45: 0.02 | M45: 0.02 | N45: 0.02
B46: PP&E depreciation rate on average net block | C46: % | D46: 0.16 | E46: 0.16 | F46: 0.16 | G46: 0.16 | H46: 0.16 | I46: 0.16 | J46: 0.16 | K46: 0.16 | L46: 0.16 | M46: 0.16 | N46: 0.16
B47: Intangible amortisation | C47: ₹ cr | D47: 250 | E47: 260 | F47: 230 | G47: 200 | H47: 180 | I47: 165 | J47: 155 | K47: 150 | L47: 150 | M47: 150 | N47: 150
B48: Cost of goods sold, % of quick commerce revenue | C48: % | D48: 0 | E48: 0.704 | F48: 0.783 | G48: 0.783 | H48: 0.783 | I48: 0.783 | J48: 0.783 | K48: 0.783 | L48: 0.783 | M48: 0.783 | N48: 0.783
B49: Cost of goods sold, % of Hyperpure revenue | C49: % | D49: 0.88 | E49: 0.88 | F49: 0.88 | G49: 0.88 | H49: 0.88 | I49: 0.88 | J49: 0.88 | K49: 0.88 | L49: 0.88 | M49: 0.88 | N49: 0.88
... B56: Effective tax rate | C56: % | D56: 0.244 | E56: 0.5 | F56: 0.32 | G56: 0.24 | H56: 0.2 | I56: 0.22 | J56: 0.2517 | K56: 0.2517 | L56: 0.2517 | M56: 0.2517 | N56: 0.2517
A58: # | B58: COST OF CAPITAL - see WACC tab
B59: WACC (base case) | C59: % | D59: =WACC!$D$28 -> 0.12660169
B60: Terminal growth rate (INR nominal) | C60: % | D60: 0.065

Sheet RevBuild
B2: Revenue Build - Segment NOV and Unit Economics
A4: # | B4: Segment build | C4: Units | D4: FY25A | E4: FY26E | F4: FY27E | G4: FY28E | H4: FY29E | I4: FY30E | J4: FY31E | K4: FY32E | L4: FY33E | M4: FY34E | N4: FY35E
B5: QUICK COMMERCE (BLINKIT) - DARK-STORE ROLL-FORWARD
B6: Dark stores, opening | C6: count | D6: 526 | E6: =D8 -> 1301 | F6: =E8 -> 2300 | G6: =F8 -> 3300 | H6: =G8 -> 4300 | I6: =H8 -> 5200 | J6: =I8 -> 6000 | K6: =J8 -> 6700 | L6: =K8 -> 7300 | ... N6: =M8 -> 8200
B7: Net new stores added | C7: count | D7: =D8-D6 -> 775 | E7: =E8-E6 -> 999 | F7: =F8-F6 -> 1000 | G7: =G8-G6 -> 1000 | H7: =H8-H6 -> 900 | I7: =I8-I6 -> 800 | J7: =J8-J6 -> 700 | K7: =K8-K6 -> 600 | ... N7: =N8-N6 -> 300
B8: Dark stores, closing | C8: count | D8: =Assumptions!D14 -> 1301 | E8: =Assumptions!E14 -> 2300 | F8: =Assumptions!F14 -> 3300 | G8: =Assumptions!G14 -> 4300 | H8: =Assumptions!H14 -> 5200 | I8: =Assumptions!I14 -> 6000 | J8: =Assumptions!J14 -> 6700 | K8: =Assumptions!K14 -> 7300 | ... N8: =Assumptions!N14 -> 8500
B9: Average stores in operation | C9: count | D9: =(D6+D8)/2 -> 913.5 | E9: =(E6+E8)/2 -> 1800.5 | F9: =(F6+F8)/2 -> 2800 | G9: =(G6+G8)/2 -> 3800 | H9: =(H6+H8)/2 -> 4750 | I9: =(I6+I8)/2 -> 5600 | J9: =(J6+J8)/2 -> 6350 | K9: =(K6+K8)/2 -> 7000 | ... N9: =(N6+N8)/2 -> 8350
B10: NOV per store per day | C10: ₹ lakh | D10: =Assumptions!D15 -> 6.71 | E10: =Assumptions!E15 -> 7.39 | F10: =Assumptions!F15 -> 7.9 | G10: =Assumptions!G15 -> 8.5 | H10: =Assumptions!H15 -> 9.15 | I10: =Assumptions!I15 -> 9.8 | J10: =Assumptions!J15 -> 10.4 | K10: =Assumptions!K15 -> 10.95 | ... N10: =Assumptions!N15 -> 12.3
B11: Quick commerce net order value | C11: ₹ cr | D11: =D9*365*D10/100 -> 22372.985 | E11: =E9*365*E10/100 -> 48565.787 | F11: =F9*365*F10/100 -> 80738 | G11: =G9*365*G10/100 -> 117895 | H11: =H9*365*H10/100 -> 158638.12 | I11: =I9*365*I10/100 -> 200312 | J11: =J9*365*J10/100 -> 241046 | K11: =K9*365*K10/100 -> 279772.5 | ... N11: =N9*365*N10/100 -> 374873.25
B12: YoY growth | C12: % | E12: =E11/D11-1 -> 1.1707334 | F12: =F11/E11-1 -> 0.66244604 | G12: =G11/F11-1 -> 0.460217 | H12: =H11/G11-1 -> 0.34558824 | I12: =I11/H11-1 -> 0.26269773 | J12: =J11/I11-1 -> 0.20335277 | K12: =K11/J11-1 -> 0.16066021 | L12: =L11/K11-1 -> 0.12782127 | ... N12: =N11/M11-1 -> 0.078834034
B13: Revenue as % of NOV | C13: % | D13: =Assumptions!D16 -> 0.2327 | E13: =Assumptions!E16 -> 0.778 | F13: =Assumptions!F16 -> 0.92 | G13: =Assumptions!G16 -> 0.92 | H13: =Assumptions!H16 -> 0.92 | I13: =Assumptions!I16 -> 0.92 | J13: =Assumptions!J16 -> 0.92 | K13: =Assumptions!K16 -> 0.92 | ... N13: =Assumptions!N16 -> 0.92
B14: Quick commerce revenue | C14: ₹ cr | D14: =D11*D13 -> 5206.1937 | E14: =E11*E13 -> 37784.182 | F14: =F11*F13 -> 74278.96 | G14: =G11*G13 -> 108463.4 | H14: =H11*H13 -> 145947.08 | I14: =I11*I13 -> 184287.04 | J14: =J11*J13 -> 221762.32 | K14: =K11*K13 -> 257390.7 | ... N14: =N11*N13 -> 344883.39
B15: Adjusted EBITDA margin (% of NOV) | C15: % | D15: =Assumptions!D17 -> -0.0327 | E15: =Assumptions!E17 -> -0.006 | F15: =Assumptions!F17 -> 0.02 | G15: =Assumptions!G17 -> 0.034 | H15: =Assumptions!H17 -> 0.044 | I15: =Assumptions!I17 -> 0.051 | J15: =Assumptions!J17 -> 0.055 | K15: =Assumptions!K17 -> 0.058 | ... N15: =Assumptions!N17 -> 0.064
B16: Quick commerce adjusted EBITDA | C16: ₹ cr | D16: =D11*D15 -> -731.59662 | E16: =E11*E15 -> -291.39472 | F16: =F11*F15 -> 1614.76 | G16: =G11*G15 -> 4008.43 | H16: =H11*H15 -> 6980.0775 | I16: =I11*I15 -> 10215.912 | J16: =J11*J15 -> 13257.53 | K16: =K11*K15 -> 16226.805 | ... N16: =N11*N15 -> 23991.888
A18: # | B18: FOOD DELIVERY (ZOMATO)
B19: Food delivery net order value | C19: ₹ cr | D19: =Assumptions!D20 -> 33300 | E19: =Assumptions!E20 -> 38300 | F19: =E19*(1+Assumptions!F21) -> 44811 | G19: =F19*(1+Assumptions!G21) -> 52428.87 | H19: =G19*(1+Assumptions!H21) -> 60293.2 | I19: =H19*(1+Assumptions!I21) -> 68131.317 | J19: =I19*(1+Assumptions!J21) -> 75625.761 | K19: =J19*(1+Assumptions!K21) -> 83188.338 | L19: =K19*(1+Assumptions!L21) -> 90675.288 | M19: =L19*(1+Assumptions!M21) -> 97929.311 | N19: =M19*(1+Assumptions!N21) -> 105274.01
B20: YoY growth | C20: % | E20: =E19/D19-1 -> 0.15015015 | F20: =F19/E19-1 -> 0.17 | G20: =G19/F19-1 -> 0.17 | H20: =H19/G19-1 -> 0.15 | I20: =I19/H19-1 -> 0.13 | J20: =J19/I19-1 -> 0.11 | K20: =K19/J19-1 -> 0.1 | L20: =L19/K19-1 -> 0.09 | ... N20: =N19/M19-1 -> 0.075
B21: Revenue as % of NOV | C21: % | D21: =Assumptions!D22 -> 0.24259 | E21: =Assumptions!E22 -> 0.265 | F21: =Assumptions!F22 -> 0.275 | G21: =Assumptions!G22 -> 0.28 | H21: =Assumptions!H22 -> 0.285 | I21: =Assumptions!I22 -> 0.29 | J21: =Assumptions!J22 -> 0.29 | K21: =Assumptions!K22 -> 0.29 | ... N21: =Assumptions!N22 -> 0.29
B22: Food delivery revenue | C22: ₹ cr | D22: =D19*D21 -> 8078.247 | E22: =E19*E21 -> 10149.5 | F22: =F19*F21 -> 12323.025 | G22: =G19*G21 -> 14680.084 | H22: =H19*H21 -> 17183.562 | I22: =I19*I21 -> 19758.082 | J22: =J19*J21 -> 21931.471 | K22: =K19*K21 -> 24124.618 | ... N22: =N19*N21 -> 30529.463
B23: Adjusted EBITDA margin (% of NOV) | C23: % | D23: =Assumptions!D23 -> 0.048 | E23: =Assumptions!E23 -> 0.053 | F23: =Assumptions!F23 -> 0.059 | G23: =Assumptions!G23 -> 0.064 | H23: =Assumptions!H23 -> 0.068 | I23: =Assumptions!I23 -> 0.071 | J23: =Assumptions!J23 -> 0.073 | K23: =Assumptions!K23 -> 0.074 | ... N23: =Assumptions!N23 -> 0.077
B24: Food delivery adjusted EBITDA | C24: ₹ cr | D24: =D19*D23 -> 1598.4 | E24: =E19*E23 -> 2029.9 | F24: =F19*F23 -> 2643.849 | G24: =G19*G23 -> 3355.4477 | H24: =H19*H23 -> 4099.9376 | I24: =I19*I23 -> 4837.3235 | J24: =J19*J23 -> 5520.6806 | K24: =K19*K23 -> 6155.937 | ... N24: =N19*N23 -> 8106.0987
A26: # | B26: GOING-OUT (DISTRICT), HYPERPURE AND OTHER SEGMENTS
B27: Going-out net order value | C27: ₹ cr | D27: =Assumptions!D26 -> 6618 | E27: =Assumptions!E26 -> 9900 | F27: =E27*(1+Assumptions!F27) -> 13860 | G27: =F27*(1+Assumptions!G27) -> 18295.2 | H27: =G27*(1+Assumptions!H27) -> 23051.952 | I27: =H27*(1+Assumptions!I27) -> 28123.381 | J27: =I27*(1+Assumptions!J27) -> 33185.59 | K27: =J27*(1+Assumptions!K27) -> 38163.429 | L27: =K27*(1+Assumptions!L27) -> 42743.04 | M27: =L27*(1+Assumptions!M27) -> 47017.344 | N27: =M27*(1+Assumptions!N27) -> 51248.905
B28: Going-out revenue | C28: ₹ cr | D28: =D27*Assumptions!D28 -> 731.289 | E28: =E27*Assumptions!E28 -> 1138.5 | F28: =F27*Assumptions!F28 -> 1663.2 | G28: =G27*Assumptions!G28 -> 2286.9 | H28: =H27*Assumptions!H28 -> 2950.6499 | I28: =I27*Assumptions!I28 -> 3656.0396 | J28: =J27*Assumptions!J28 -> 4314.1267 | K28: =K27*Assumptions!K28 -> 4961.2457 | ... N28: =N27*Assumptions!N28 -> 6662.3577
B29: Going-out adjusted EBITDA | C29: ₹ cr | D29: =D27*Assumptions!D29 -> -33.09 | E29: =E27*Assumptions!E29 -> -396 | F29: =F27*Assumptions!F29 -> -138.6 | G29: =G27*Assumptions!G29 -> 274.428 | H29: =H27*Assumptions!H29 -> 691.55856 | I29: =I27*Assumptions!I29 -> 1406.1691 | J29: =J27*Assumptions!J29 -> 1825.2075 | K29: =K27*Assumptions!K29 -> 2289.8057 | ... N29: =N27*Assumptions!N29 -> 3074.9343
B30: Hyperpure revenue | C30: ₹ cr | D30: =Assumptions!D30 -> 6196 | E30: =Assumptions!E30 -> 5558 | F30: =E30*(1+Assumptions!F31) -> 7003.08 | G30: =F30*(1+Assumptions!G31) -> 8683.8192 | H30: =G30*(1+Assumptions!H31) -> 10420.583 | I30: =H30*(1+Assumptions!I31) -> 12192.082 | J30: =I30*(1+Assumptions!J31) -> 13898.974 | K30: =J30*(1+Assumptions!K31) -> 15427.861 | L30: =K30*(1+Assumptions!L31) -> 16816.368 | M30: =L30*(1+Assumptions!M31) -> 18161.678 | N30: =M30*(1+Assumptions!N31) -> 19523.804
B31: Hyperpure adjusted EBITDA | C31: ₹ cr | D31: =D30*Assumptions!D32 -> -55.764 | E31: =E30*Assumptions!E32 -> 0 | F31: =F30*Assumptions!F32 -> 105.0462 | G31: =G30*Assumptions!G32 -> 217.09548 | H31: =H30*Assumptions!H32 -> 364.72041 | I31: =I30*Assumptions!I32 -> 487.68329 | J31: =J30*Assumptions!J32 -> 625.45381 | K31: =K30*Assumptions!K32 -> 694.25373 | ... N31: =N30*Assumptions!N32 -> 878.57116
B32: Other segments revenue | C32: ₹ cr | D32: =Assumptions!D33 -> 30 | E32: =Assumptions!E33 -> 40 | F32: =Assumptions!F33 -> 350 | G32: =Assumptions!G33 -> 700 | H32: =Assumptions!H33 -> 1100 | I32: =Assumptions!I33 -> 1500 | J32: =Assumptions!J33 -> 1900 | K32: =Assumptions!K33 -> 2200 | ... N32: =Assumptions!N33 -> 3100
B33: Other segments adjusted EBITDA | C33: ₹ cr | D33: =Assumptions!D34 -> -12 | E33: =Assumptions!E34 -> -190 | F33: =Assumptions!F34 -> -240 | G33: =Assumptions!G34 -> -200 | H33: =Assumptions!H34 -> -120 | I33: =Assumptions!I34 -> -50 | J33: =Assumptions!J34 -> 0 | K33: =Assumptions!K34 -> 50 | ... N33: =Assumptions!N34 -> 200
A35: # | B35: CONSOLIDATED ROLL-UP
B36: Quick commerce revenue | C36: ₹ cr | D36: =D14 -> 5206.1937 | E36: =E14 -> 37784.182 | F36: =F14 -> 74278.96 | G36: =G14 -> 108463.4 | H36: =H14 -> 145947.08 | I36: =I14 -> 184287.04 | J36: =J14 -> 221762.32 | K36: =K14 -> 257390.7 | ... N36: =N14 -> 344883.39
B37: Food delivery revenue | C37: ₹ cr | D37: =D22 -> 8078.247 | E37: =E22 -> 10149.5 | F37: =F22 -> 12323.025 | G37: =G22 -> 14680.084 | H37: =H22 -> 17183.562 | I37: =I22 -> 19758.082 | J37: =J22 -> 21931.471 | K37: =K22 -> 24124.618 | ... N37: =N22 -> 30529.463
B38: Hyperpure revenue | C38: ₹ cr | D38: =D30 -> 6196 | E38: =E30 -> 5558 | F38: =F30 -> 7003.08 | G38: =G30 -> 8683.8192 | H38: =H30 -> 10420.583 | I38: =I30 -> 12192.082 | J38: =J30 -> 13898.974 | K38: =K30 -> 15427.861 | ... N38: =N30 -> 19523.804
B39: Going-out revenue | C39: ₹ cr | D39: =D28 -> 731.289 | E39: =E28 -> 1138.5 | F39: =F28 -> 1663.2 | G39: =G28 -> 2286.9 | H39: =H28 -> 2950.6499 | I39: =I28 -> 3656.0396 | J39: =J28 -> 4314.1267 | K39: =K28 -> 4961.2457 | ... N39: =N28 -> 6662.3577
B40: Other segments revenue | C40: ₹ cr | D40: =D32 -> 30 | E40: =E32 -> 40 | F40: =F32 -> 350 | G40: =G32 -> 700 | H40: =H32 -> 1100 | I40: =I32 -> 1500 | J40: =J32 -> 1900 | K40: =K32 -> 2200 | ... N40: =N32 -> 3100
B41: TOTAL REVENUE FROM OPERATIONS | C41: ₹ cr | D41: =SUM(D36:D40) -> 20241.73 | E41: =SUM(E36:E40) -> 54670.182 | F41: =SUM(F36:F40) -> 95618.265 | G41: =SUM(G36:G40) -> 134814.2 | H41: =SUM(H36:H40) -> 177601.87 | I41: =SUM(I36:I40) -> 221393.24 | J41: =SUM(J36:J40) -> 263806.89 | K41: =SUM(K36:K40) -> 304104.42 | ... N41: =SUM(N36:N40) -> 404699.01
B42: Net order value - B2C businesses | C42: ₹ cr | D42: =D11+D19+D27 -> 62290.985 | E42: =E11+E19+E27 -> 96765.787 | F42: =F11+F19+F27 -> 139409 | G42: =G11+G19+G27 -> 188619.07 | H42: =H11+H19+H27 -> 241983.28 | I42: =I11+I19+I27 -> 296566.7 | J42: =J11+J19+J27 -> 349857.35 | K42: =K11+K19+K27 -> 401124.27 | ... N42: =N11+N19+N27 -> 531396.16
B43: B2C NOV growth, YoY | E43: =E42/D42-1 -> 0.55344768 | F43: =F42/E42-1 -> 0.44068482 | G43: =G42/F42-1 -> 0.35299062 | H43: =H42/G42-1 -> 0.28292053 | I43: =I42/H42-1 -> 0.22556691 | J43: =J42/I42-1 -> 0.17969197 | K43: =K42/J42-1 -> 0.14653662 | L43: =L42/K42-1 -> 0.11923347 | ... N43: =N42/M42-1 -> 0.079137693
B44: CONSOLIDATED ADJUSTED EBITDA | C44: ₹ cr | D44: =D16+D24+D29+D31+D33 -> 765.94938 | E44: =E16+E24+E29+E31+E33 -> 1152.5053 | F44: =F16+F24+F29+F31+F33 -> 3985.0552 | G44: =G16+G24+G29+G31+G33 -> 7655.4012 | H44: =H16+H24+H29+H31+H33 -> 12016.294 | I44: =I16+I24+I29+I31+I33 -> 16897.088 | J44: =J16+J24+J29+J31+J33 -> 21228.872 | K44: =K16+K24+K29+K31+K33 -> 25416.801 | ... N44: =N16+N24+N29+N31+N33 -> 36251.492
B45: Cross-check vs reported FY25A revenue | D45: 20243
B46: Difference (must be ~0) | D46: =D41-D45 -> -1.2703323

Sheet Model
B2: Three-Statement Model - Income Statement, Balance Sheet, Cash Flow
A4: # | B4: Consolidated financials | C4: Units | D4: FY25A | E4: FY26E | F4: FY27E | G4: FY28E | H4: FY29E | I4: FY30E | J4: FY31E | K4: FY32E | L4: FY33E | M4: FY34E | N4: FY35E
A5: # | B5: INCOME STATEMENT
B6: Revenue from operations | C6: ₹ cr | D6: =RevBuild!D41 -> 20241.73 | E6: =RevBuild!E41 -> 54670.182 | F6: =RevBuild!F41 -> 95618.265 | G6: =RevBuild!G41 -> 134814.2 | H6: =RevBuild!H41 -> 177601.87 | I6: =RevBuild!I41 -> 221393.24 | J6: =RevBuild!J41 -> 263806.89 | K6: =RevBuild!K41 -> 304104.42 | ... N6: =RevBuild!N41 -> 404699.01
B7: YoY growth | C7: % | E7: =E6/D6-1 -> 1.7008651 | F7: =F6/E6-1 -> 0.74900213 | G7: =G6/F6-1 -> 0.40992103 | H7: =H6/G6-1 -> 0.31738249 | I7: =I6/H6-1 -> 0.24657045 | J7: =J6/I6-1 -> 0.19157607 | K7: =K6/J6-1 -> 0.15275391 | L7: =L6/K6-1 -> 0.12283635 | ... N7: =N6/M6-1 -> 0.078751393
B8: Cost of goods sold | C8: ₹ cr | D8: =-(RevBuild!D14*Assumptions!D48+RevBuild!D30*Assumptions!D49) -> -5452.48 | E8: =-(RevBuild!E14*Assumptions!E48+RevBuild!E30*Assumptions!E49) -> -31491.104 | F8: =-(RevBuild!F14*Assumptions!F48+RevBuild!F30*Assumptions!F49) -> -64323.136 | G8: =-(RevBuild!G14*Assumptions!G48+RevBuild!G30*Assumptions!G49) -> -92568.603 | H8: =-(RevBuild!H14*Assumptions!H48+RevBuild!H30*Assumptions!H49) -> -123446.67 | I8: =-(RevBuild!I14*Assumptions!I48+RevBuild!I30*Assumptions!I49) -> -155025.78 | J8: =-(RevBuild!J14*Assumptions!J48+RevBuild!J30*Assumptions!J49) -> -185870.99 | K8: =-(RevBuild!K14*Assumptions!K48+RevBuild!K30*Assumptions!K49) -> -215113.44 | ... N8: =-(RevBuild!N14*Assumptions!N48+RevBuild!N30*Assumptions!N49) -> -287224.64
B9: Gross profit | D9: =D6+D8 -> 14789.25 | E9: =E6+E8 -> 23179.078 | F9: =F6+F8 -> 31295.129 | G9: =G6+G8 -> 42245.6 | H9: =H6+H8 -> 54155.197 | I9: =I6+I8 -> 66367.459 | J9: =J6+J8 -> 77935.898 | K9: =K6+K8 -> 88990.989 | ... N9: =N6+N8 -> 117474.37
B10: Gross margin | D10: =D9/D6 -> 0.73063172 | E10: =E9/E6 -> 0.42398026 | F10: =F9/F6 -> 0.32729237 | G10: =G9/G6 -> 0.31336164 | H10: =H9/H6 -> 0.3049247 | I10: =I9/I6 -> 0.29977184 | J10: =J9/J6 -> 0.29542783 | K10: =K9/K6 -> 0.292633 | ... N10: =N9/N6 -> 0.2902759
A12: # | B12: ADJUSTED EBITDA BRIDGE TO IND AS EBITDA
B13: Food delivery | C13: ₹ cr | D13: =RevBuild!D24 -> 1598.4 | E13: =RevBuild!E24 -> 2029.9 | F13: =RevBuild!F24 -> 2643.849 | G13: =RevBuild!G24 -> 3355.4477 | H13: =RevBuild!H24 -> 4099.9376 | I13: =RevBuild!I24 -> 4837.3235 | J13: =RevBuild!J24 -> 5520.6806 | K13: =RevBuild!K24 -> 6155.937 | ... N13: =RevBuild!N24 -> 8106.0987
B14: Quick commerce (Blinkit) | C14: ₹ cr | D14: =RevBuild!D16 -> -731.59662 | E14: =RevBuild!E16 -> -291.39472 | F14: =RevBuild!F16 -> 1614.76 | G14: =RevBuild!G16 -> 4008.43 | H14: =RevBuild!H16 -> 6980.0775 | I14: =RevBuild!I16 -> 10215.912 | J14: =RevBuild!J16 -> 13257.53 | K14: =RevBuild!K16 -> 16226.805 | ... N14: =RevBuild!N16 -> 23991.888
B15: Going-out (District) | C15: ₹ cr | D15: =RevBuild!D29 -> -33.09 | E15: =RevBuild!E29 -> -396 | F15: =RevBuild!F29 -> -138.6 | G15: =RevBuild!G29 -> 274.428 | H15: =RevBuild!H29 -> 691.55856 | I15: =RevBuild!I29 -> 1406.1691 | J15: =RevBuild!J29 -> 1825.2075 | K15: =RevBuild!K29 -> 2289.8057 | ... N15: =RevBuild!N29 -> 3074.9343
B16: Hyperpure | C16: ₹ cr | D16: =RevBuild!D31 -> -55.764 | E16: =RevBuild!E31 -> 0 | F16: =RevBuild!F31 -> 105.0462 | G16: =RevBuild!G31 -> 217.09548 | H16: =RevBuild!H31 -> 364.72041 | I16: =RevBuild!I31 -> 487.68329 | J16: =RevBuild!J31 -> 625.45381 | K16: =RevBuild!K31 -> 694.25373 | ... N16: =RevBuild!N31 -> 878.57116
B17: Other segments | C17: ₹ cr | D17: =RevBuild!D33 -> -12 | E17: =RevBuild!E33 -> -190 | F17: =RevBuild!F33 -> -240 | G17: =RevBuild!G33 -> -200 | H17: =RevBuild!H33 -> -120 | I17: =RevBuild!I33 -> -50 | J17: =RevBuild!J33 -> 0 | K17: =RevBuild!K33 -> 50 | ... N17: =RevBuild!N33 -> 200
A19: # | B19: ADJUSTED EBITDA | C19: ₹ cr | D19: =SUM(D13:D17) -> 765.94938 | E19: =SUM(E13:E17) -> 1152.5053 | F19: =SUM(F13:F17) -> 3985.0552 | G19: =SUM(G13:G17) -> 7655.4012 | H19: =SUM(H13:H17) -> 12016.294 | I19: =SUM(I13:I17) -> 16897.088 | J19: =SUM(J13:J17) -> 21228.872 | K19: =SUM(K13:K17) -> 25416.801 | ... N19: =SUM(N13:N17) -> 36251.492
B20: Less: share-based payment expense (added back in adj. EBITDA) | D20: =-Assumptions!D37 -> -698 | E20: =-Assumptions!E37 -> -810 | F20: =-Assumptions!F37 -> -860 | G20: =-Assumptions!G37 -> -910 | H20: =-Assumptions!H37 -> -960 | I20: =-Assumptions!I37 -> -1010 | J20: =-Assumptions!J37 -> -1060 | K20: =-Assumptions!K37 -> -1110 | ... N20: =-Assumptions!N37 -> -1260
B21: Add back: Ind AS 116 lease rent paid (charged in adj. EBITDA) | D21: =D86 -> 569.8535 | E21: =E86 -> 1014.4295 | F21: =F86 -> 1530.6 | G21: =G86 -> 2095.8 | H21: =H86 -> 2679 | I21: =I86 -> 3253.2 | J21: =J86 -> 3809.3 | K21: =K86 -> 4354 | ... N21: =N86 -> 5814.55
A22: # | B22: EBITDA (Ind AS reported basis) | D22: =D19+D20+D21 -> 637.80288 | E22: =E19+E20+E21 -> 1356.9348 | F22: =F19+F20+F21 -> 4655.6552 | G22: =G19+G20+G21 -> 8841.2012 | H22: =H19+H20+H21 -> 13735.294 | I22: =I19+I20+I21 -> 19140.288 | J22: =J19+J20+J21 -> 23978.172 | K22: =K19+K20+K21 -> 28660.801 | ... N22: =N19+N20+N21 -> 40806.042
B23: Depreciation & amortisation | C23: ₹ cr | D23: =-(D90+D91+Assumptions!D47) -> -863 | E23: =-(E90+E91+(D42-E42)) -> -1585.2205 | F23: =-(F90+F91+(E42-F42)) -> -1914.927 | G23: =-(G90+G91+(F42-G42)) -> -2368.6687 | H23: =-(H90+H91+(G42-H42)) -> -2901.9657 | I23: =-(I90+I91+(H42-I42)) -> -3453.1381 | J23: =-(J90+J91+(I42-J42)) -> -3970.7532 | K23: =-(K90+K91+(J42-K42)) -> -4427.4458 | L23: =-(L90+L91+(K42-L42)) -> -4983.8389 | ... N23: =-(N90+N91+(M42-N42)) -> -6035.1051
B24: of which: right-of-use depreciation | D24: =-D90 -> -420 | E24: =-E90 -> -1040.5045 | F24: =-F90 -> -1224.46 | G24: =-G90 -> -1518.755 | H24: =-H90 -> -1874.52 | I24: =-I90 -> -2240.88 | J24: =-J90 -> -2609.035 | K24: =-K90 -> -2985.48 | ... N24: =-N90 -> -4059.44
B25: EBIT | C25: ₹ cr | D25: =D22+D23 -> -225.19712 | E25: =E22+E23 -> -228.28574 | F25: =F22+F23 -> 2740.7282 | G25: =G22+G23 -> 6472.5325 | H25: =H22+H23 -> 10833.328 | I25: =I22+I23 -> 15687.15 | J25: =J22+J23 -> 20007.419 | K25: =K22+K23 -> 24233.356 | ... N25: =N22+N23 -> 34770.937
B26: EBIT margin on revenue | D26: =D25/D6 -> -0.011125389 | E26: =E25/E6 -> -0.0041756901 | F26: =F25/F6 -> 0.028663229 | G26: =G25/G6 -> 0.048010761 | H26: =H25/H6 -> 0.060997828 | I26: =I25/I6 -> 0.070856497 | J26: =J25/J6 -> 0.075841152 | K26: =K25/K6 -> 0.079687613 | ... N26: =N25/N6 -> 0.085918018
B27: Other income (treasury) | C27: ₹ cr | D27: 1077 | E27: =E94*Assumptions!E55 -> 1364.5987 | F27: =F94*Assumptions!F55 -> 1662.8571 | G27: =G94*Assumptions!G55 -> 2079.5831 | H27: =H94*Assumptions!H55 -> 2728.2346 | I27: =I94*Assumptions!I55 -> 3668.6778 | J27: =J94*Assumptions!J55 -> 4871.3638 | K27: =K94*Assumptions!K55 -> 6326.3439 | L27: =L94*Assumptions!L55 -> 8050.3297 | ... N27: =N94*Assumptions!N55 -> 12314.069
B28: Finance costs (lease interest) | C28: ₹ cr | D28: =-D87 -> -154 | E28: =-E87 -> -370.425 | F28: =-F87 -> -637.34 | G28: =-G87 -> -863.995 | H28: =-H87 -> -1064.58 | I28: =-I87 -> -1245.42 | J28: =-J87 -> -1406.515 | K28: =-K87 -> -1547.92 | ... N28: =-N87 -> -1854.71
B29: Profit before tax | D29: =D25+D27+D28 -> 697.80288 | E29: =E25+E27+E28 -> 765.88793 | F29: =F25+F27+F28 -> 3766.2453 | G29: =G25+G27+G28 -> 7688.1205 | H29: =H25+H27+H28 -> 12496.983 | I29: =I25+I27+I28 -> 18110.408 | J29: =J25+J27+J28 -> 23472.267 | K29: =K25+K27+K28 -> 29011.78 | ... N29: =N25+N27+N28 -> 45230.296
B30: Profit after tax | D30: =D29*(1-Assumptions!D56) -> 527.53898 | E30: =E29*(1-Assumptions!E56) -> 382.94396 | F30: =F29*(1-Assumptions!F56) -> 2561.0468 | G30: =G29*(1-Assumptions!G56) -> 5842.9716 | H30: =H29*(1-Assumptions!H56) -> 9997.5864 | I30: =I29*(1-Assumptions!I56) -> 14126.118 | J30: =J29*(1-Assumptions!J56) -> 17564.298 | K30: =K29*(1-Assumptions!K56) -> 21709.515 | ... N30: =N29*(1-Assumptions!N56) -> 33845.831
B31: Weighted average shares outstanding | C31: crore | D31: 878.3 | E31: =Assumptions!$D$7 -> 965.04 | F31: =Assumptions!$D$7 -> 965.04 | G31: =Assumptions!$D$7 -> 965.04 | H31: =Assumptions!$D$7 -> 965.04 | I31: =Assumptions!$D$7 -> 965.04 | J31: =Assumptions!$D$7 -> 965.04 | K31: =Assumptions!$D$7 -> 965.04 | L31: =Assumptions!$D$7 -> 965.04 | ... N31: =Assumptions!$D$7 -> 965.04
B32: EPS - basic | C32: ₹ | D32: =D30/D31 -> 0.60063643 | E32: =E30/E31 -> 0.39681668 | F32: =F30/F31 -> 2.6538245 | G32: =G30/G31 -> 6.0546419 | H32: =H30/H31 -> 10.359764 | I32: =I30/I31 -> 14.637857 | J32: =J30/J31 -> 18.20059 | K32: =K30/K31 -> 22.495974 | ... N32: =N30/N31 -> 35.071946
B33: Memo: tax expense | D33: =D29-D30 -> 170.2639 | E33: =E29-E30 -> 382.94396 | F33: =F29-F30 -> 1205.1985 | G33: =G29-G30 -> 1845.1489 | H33: =H29-H30 -> 2499.3966 | I33: =I29-I30 -> 3984.2897 | J33: =J29-J30 -> 5907.9697 | K33: =K29-K30 -> 7302.2649 | ... N33: =N29-N30 -> 11384.466
A34: # | B34: BALANCE SHEET - ASSETS
B35: Cash, deposits & treasury investments | C35: ₹ cr | D35: 18857 | E35: =E83 -> 23601.497 | F35: =F83 -> 28305.004 | G35: =G83 -> 35970.137 | H35: =H83 -> 47925.317 | I35: =I83 -> 64041.797 | J35: =J83 -> 83544.425 | K35: =K83 -> 107043.38 | L35: =L83 -> 134416.16 | ... N35: =N83 -> 201224.44
B36: Inventories | D36: 665 | E36: =-E8*Assumptions!E50/365 -> 1207.878 | F36: =-F8*Assumptions!F50/365 -> 2467.1888 | G36: =-G8*Assumptions!G50/365 -> 3550.5766 | H36: =-H8*Assumptions!H50/365 -> 4734.9409 | I36: =-I8*Assumptions!I50/365 -> 5946.1945 | J36: =-J8*Assumptions!J50/365 -> 7129.2984 | K36: =-K8*Assumptions!K50/365 -> 8250.9263 | L36: =-L8*Assumptions!L50/365 -> 9285.875 | ... N36: =-N8*Assumptions!N50/365 -> 11016.836
B37: Trade receivables | D37: 1941 | E37: =E6*Assumptions!E52/365 -> 1198.2506 | F37: =F6*Assumptions!F52/365 -> 2095.7428 | G37: =G6*Assumptions!G52/365 -> 2954.8318 | H37: =H6*Assumptions!H52/365 -> 3892.6437 | I37: =I6*Assumptions!I52/365 -> 4852.4547 | J37: =J6*Assumptions!J52/365 -> 5782.0688 | K37: =K6*Assumptions!K52/365 -> 6665.3025 | L37: =L6*Assumptions!L52/365 -> 7484.0439 | ... N37: =N6*Assumptions!N52/365 -> 8870.1154
B38: Other current assets | D38: 2300 | E38: =E6*Assumptions!E53 -> 2186.8073 | F38: =F6*Assumptions!F53 -> 3824.7306 | G38: =G6*Assumptions!G53 -> 5392.5681 | H38: =H6*Assumptions!H53 -> 7104.0748 | I38: =I6*Assumptions!I53 -> 8855.7297 | J38: =J6*Assumptions!J53 -> 10552.276 | K38: =K6*Assumptions!K53 -> 12164.177 | L38: =L6*Assumptions!L53 -> 13658.38 | ... N38: =N6*Assumptions!N53 -> 16187.961
B39: Property, plant & equipment, net | D39: 1151 | E39: =D39+E77*-1-E91 -> 2123.2342 | F39: =E39+F77*-1-F91 -> 3172.1363 | G39: =F39+G77*-1-G91 -> 4301.8712 | H39: =G39+H77*-1-H91 -> 5443.7548 | I39: =H39+I77*-1-I91 -> 6599.7128 | J39: =I39+J77*-1-J91 -> 7737.547 | K39: =J39+K77*-1-K91 -> 8845.0594 | L39: =K39+L77*-1-L91 -> 9907.1733 | ... N39: =M39+N77*-1-N91 -> 11816.926
B40: Right-of-use assets | D40: 1738 | E40: =E49*0.85 -> 3986.5 | F40: =F49*0.85 -> 5863.3 | G40: =G49*0.85 -> 7489.35 | H40: =H49*0.85 -> 8963.25 | I40: =I49*0.85 -> 10284.15 | J40: =J49*0.85 -> 11452.9 | K40: =K49*0.85 -> 12469.5 | L40: =L49*0.85 -> 13334.8 | ... N40: =N49*0.85 -> 14614.05
B41: Goodwill (held flat) | D41: 5800 | E41: =D41 -> 5800 | F41: =E41 -> 5800 | G41: =F41 -> 5800 | H41: =G41 -> 5800 | I41: =H41 -> 5800 | J41: =I41 -> 5800 | K41: =J41 -> 5800 | L41: =K41 -> 5800 | ... N41: =M41 -> 5800
B42: Other intangible assets | D42: 1150 | E42: =MAX(0,D42-Assumptions!E47) -> 890 | F42: =MAX(0,E42-Assumptions!F47) -> 660 | G42: =MAX(0,F42-Assumptions!G47) -> 460 | H42: =MAX(0,G42-Assumptions!H47) -> 280 | I42: =MAX(0,H42-Assumptions!I47) -> 115 | J42: =MAX(0,I42-Assumptions!J47) -> 0 | K42: =MAX(0,J42-Assumptions!K47) -> 0 | L42: =MAX(0,K42-Assumptions!L47) -> 0 | ... N42: =MAX(0,M42-Assumptions!N47) -> 0
B43: Other non-current assets (held flat) | D43: 2021 | E43: =D43 -> 2021 | F43: =E43 -> 2021 | G43: =F43 -> 2021 | H43: =G43 -> 2021 | I43: =H43 -> 2021 | J43: =I43 -> 2021 | K43: =J43 -> 2021 | L43: =K43 -> 2021 | ... N43: =M43 -> 2021
B44: TOTAL ASSETS | D44: =SUM(D35:D43) -> 35623 | E44: =SUM(E35:E43) -> 43015.167 | F44: =SUM(F35:F43) -> 54209.102 | G44: =SUM(G35:G43) -> 67940.335 | H44: =SUM(H35:H43) -> 86164.981 | I44: =SUM(I35:I43) -> 108516.04 | J44: =SUM(J35:J43) -> 134019.51 | K44: =SUM(K35:K43) -> 163259.35 | ... N44: =SUM(N35:N43) -> 271551.33
A46: # | B46: BALANCE SHEET - LIABILITIES & EQUITY
B47: Trade payables | C47: ₹ cr | D47: 1564 | E47: =-E8*Assumptions!E51/365 -> 2588.3099 | F47: =-F8*Assumptions!F51/365 -> 5286.8331 | G47: =-G8*Assumptions!G51/365 -> 7608.3783 | H47: =-H8*Assumptions!H51/365 -> 10146.302 | I47: =-I8*Assumptions!I51/365 -> 12741.845 | J47: =-J8*Assumptions!J51/365 -> 15277.068 | K47: =-K8*Assumptions!K51/365 -> 17680.556 | L47: =-L8*Assumptions!L51/365 -> 19898.304 | ... N47: =-N8*Assumptions!N51/365 -> 23607.505
B48: Other current liabilities | D48: 1297 | E48: =E6*Assumptions!E54 -> 3826.9127 | F48: =F6*Assumptions!F54 -> 6693.2786 | G48: =G6*Assumptions!G54 -> 9436.9942 | H48: =H6*Assumptions!H54 -> 12432.131 | I48: =I6*Assumptions!I54 -> 15497.527 | J48: =J6*Assumptions!J54 -> 18466.482 | K48: =K6*Assumptions!K54 -> 21287.31 | L48: =L6*Assumptions!L54 -> 23902.165 | ... N48: =N6*Assumptions!N54 -> 28328.931
B49: Lease liabilities | D49: 2045 | E49: =RevBuild!E8*Assumptions!E40+Assumptions!E41 -> 4690 | F49: =RevBuild!F8*Assumptions!F40+Assumptions!F41 -> 6898 | G49: =RevBuild!G8*Assumptions!G40+Assumptions!G41 -> 8811 | H49: =RevBuild!H8*Assumptions!H40+Assumptions!H41 -> 10545 | I49: =RevBuild!I8*Assumptions!I40+Assumptions!I41 -> 12099 | J49: =RevBuild!J8*Assumptions!J40+Assumptions!J41 -> 13474 | K49: =RevBuild!K8*Assumptions!K40+Assumptions!K41 -> 14670 | L49: =RevBuild!L8*Assumptions!L40+Assumptions!L41 -> 15688 | ... N49: =RevBuild!N8*Assumptions!N40+Assumptions!N41 -> 17193
B50: Other non-current liabilities (held flat) | D50: 400 | E50: =D50 -> 400 | F50: =E50 -> 400 | G50: =F50 -> 400 | H50: =G50 -> 400 | I50: =H50 -> 400 | J50: =I50 -> 400 | K50: =J50 -> 400 | L50: =K50 -> 400 | ... N50: =M50 -> 400
B51: TOTAL LIABILITIES | D51: =SUM(D47:D50) -> 5306 | E51: =SUM(E47:E50) -> 11505.223 | F51: =SUM(F47:F50) -> 19278.112 | G51: =SUM(G47:G50) -> 26256.373 | H51: =SUM(H47:H50) -> 33523.433 | I51: =SUM(I47:I50) -> 40738.372 | J51: =SUM(J47:J50) -> 47617.55 | K51: =SUM(K47:K50) -> 54037.866 | ... N51: =SUM(N47:N50) -> 69529.436
B53: Total equity | D53: 30317 | E53: =E63 -> 31509.944 | F53: =F63 -> 34930.991 | G53: =G63 -> 41683.962 | H53: =H63 -> 52641.549 | I53: =I63 -> 67777.667 | J53: =J63 -> 86401.964 | K53: =K63 -> 109221.48 | L53: =L63 -> 136018.96 | ... N53: =N63 -> 202021.89
B54: TOTAL LIABILITIES & EQUITY | D54: =D51+D53 -> 35623 | E54: =E51+E53 -> 43015.167 | F54: =F51+F53 -> 54209.102 | G54: =G51+G53 -> 67940.335 | H54: =H51+H53 -> 86164.981 | I54: =I51+I53 -> 108516.04 | J54: =J51+J53 -> 134019.51 | K54: =K51+K53 -> 163259.35 | ... N54: =N51+N53 -> 271551.33
B55: BALANCE CHECK | D55: =D44-D54 -> 0 | E55: =E44-E54 -> 0 | F55: =F44-F54 -> 0 | G55: =G44-G54 -> 0 | H55: =H44-H54 -> 0 | I55: =I44-I54 -> 0 | J55: =J44-J54 -> 0 | K55: =K44-K54 -> 0 | ... N55: =N44-N54 -> 0
A57: # | B57: EQUITY ROLL-FORWARD
B58: Opening equity | E58: =D53 -> 30317 | F58: =E53 -> 31509.944 | G58: =F53 -> 34930.991 | H58: =G53 -> 41683.962 | I58: =H53 -> 52641.549 | J58: =I53 -> 67777.667 | K58: =J53 -> 86401.964 | L58: =K53 -> 109221.48 | ... N58: =M53 -> 166916.06
B59: Profit after tax | E59: =E30 -> 382.94396 | F59: =F30 -> 2561.0468 | G59: =G30 -> 5842.9716 | H59: =H30 -> 9997.5864 | I59: =I30 -> 14126.118 | J59: =J30 -> 17564.298 | K59: =K30 -> 21709.515 | L59: =L30 -> 25637.483 | ... N59: =N30 -> 33845.831
B60: Share-based payment credited to reserves | E60: =Assumptions!E37 -> 810 | F60: =Assumptions!F37 -> 860 | G60: =Assumptions!G37 -> 910 | H60: =Assumptions!H37 -> 960 | I60: =Assumptions!I37 -> 1010 | J60: =Assumptions!J37 -> 1060 | K60: =Assumptions!K37 -> 1110 | L60: =Assumptions!L37 -> 1160 | ... N60: =Assumptions!N37 -> 1260
B61: Dividends paid (none declared) | E61: 0 | F61: 0 | G61: 0 | H61: 0 | I61: 0 | J61: 0 | K61: 0 | L61: 0 | M61: 0 | N61: 0
B62: Other comprehensive income (set to nil) | E62: 0 | F62: 0 | G62: 0 | H62: 0 | I62: 0 | J62: 0 | K62: 0 | L62: 0 | M62: 0 | N62: 0
B63: Closing equity (check vs balance sheet) | E63: =SUM(E58:E62) -> 31509.944 | F63: =SUM(F58:F62) -> 34930.991 | G63: =SUM(G58:G62) -> 41683.962 | H63: =SUM(H58:H62) -> 52641.549 | I63: =SUM(I58:I62) -> 67777.667 | J63: =SUM(J58:J62) -> 86401.964 | K63: =SUM(K58:K62) -> 109221.48 | L63: =SUM(L58:L62) -> 136018.96 | ... N63: =SUM(N58:N62) -> 202021.89
A65: # | B65: CASH FLOW STATEMENT
B66: Profit after tax | E66: =E30 -> 382.94396 | F66: =F30 -> 2561.0468 | G66: =G30 -> 5842.9716 | H66: =H30 -> 9997.5864 | I66: =I30 -> 14126.118 | J66: =J30 -> 17564.298 | K66: =K30 -> 21709.515 | L66: =L30 -> 25637.483 | ... N66: =N30 -> 33845.831
B67: Depreciation & amortisation | E67: =-E23 -> 1585.2205 | F67: =-F23 -> 1914.927 | G67: =-G23 -> 2368.6687 | H67: =-H23 -> 2901.9657 | I67: =-I23 -> 3453.1381 | J67: =-J23 -> 3970.7532 | K67: =-K23 -> 4427.4458 | L67: =-L23 -> 4983.8389 | ... N67: =-N23 -> 6035.1051
B68: Share-based payment expense | E68: =Assumptions!E37 -> 810 | F68: =Assumptions!F37 -> 860 | G68: =Assumptions!G37 -> 910 | H68: =Assumptions!H37 -> 960 | I68: =Assumptions!I37 -> 1010 | J68: =Assumptions!J37 -> 1060 | K68: =Assumptions!K37 -> 1110 | L68: =Assumptions!L37 -> 1160 | ... N68: =Assumptions!N37 -> 1260
B69: (Increase) / decrease in inventories | E69: =-(E36-D36) -> -542.87797 | F69: =-(F36-E36) -> -1259.3108 | G69: =-(G36-F36) -> -1083.3878 | H69: =-(H36-G36) -> -1184.3643 | I69: =-(I36-H36) -> -1211.2536 | J69: =-(J36-I36) -> -1183.1039 | K69: =-(K36-J36) -> -1121.6279 | L69: =-(L36-K36) -> -1034.9487 | ... N69: =-(N36-M36) -> -802.85866
B70: (Increase) / decrease in receivables | E70: =-(E37-D37) -> 742.74943 | F70: =-(F37-E37) -> -897.49223 | G70: =-(G37-F37) -> -859.08905 | H70: =-(H37-G37) -> -937.81188 | I70: =-(I37-H37) -> -959.81093 | J70: =-(J37-I37) -> -929.61419 | K70: =-(K37-J37) -> -883.2336 | L70: =-(L37-K37) -> -818.74143 | ... N70: =-(N37-M37) -> -647.53932
B71: (Increase) / decrease in other current assets | E71: =-(E38-D38) -> 113.19272 | F71: =-(F38-E38) -> -1637.9233 | G71: =-(G38-F38) -> -1567.8375 | H71: =-(H38-G38) -> -1711.5067 | I71: =-(I38-H38) -> -1751.6549 | J71: =-(J38-I38) -> -1696.5459 | K71: =-(K38-J38) -> -1611.9013 | L71: =-(L38-K38) -> -1494.2031 | ... N71: =-(N38-M38) -> -1181.7593
B72: (Increase) / decrease in other non-current assets | E72: =-(E43-D43) -> 0 | F72: =-(F43-E43) -> 0 | G72: =-(G43-F43) -> 0 | H72: =-(H43-G43) -> 0 | I72: =-(I43-H43) -> 0 | J72: =-(J43-I43) -> 0 | K72: =-(K43-J43) -> 0 | L72: =-(L43-K43) -> 0 | ... N72: =-(N43-M43) -> 0
B73: Increase / (decrease) in trade payables | E73: =E47-D47 -> 1024.3099 | F73: =F47-E47 -> 2698.5232 | G73: =G47-F47 -> 2321.5452 | H73: =H47-G47 -> 2537.9235 | I73: =I47-H47 -> 2595.5434 | J73: =J47-I47 -> 2535.2226 | K73: =K47-J47 -> 2403.4884 | L73: =L47-K47 -> 2217.7472 | ... N73: =N47-M47 -> 1720.4114
B74: Increase / (decrease) in other current liabilities | E74: =E48-D48 -> 2529.9127 | F74: =F48-E48 -> 2866.3658 | G74: =G48-F48 -> 2743.7156 | H74: =H48-G48 -> 2995.1367 | I74: =I48-H48 -> 3065.3961 | J74: =J48-I48 -> 2968.9553 | K74: =K48-J48 -> 2820.8273 | L74: =L48-K48 -> 2614.8554 | ... N74: =N48-M48 -> 2068.0787
B75: Increase / (decrease) in other non-current liabilities | E75: =E50-D50 -> 0 | F75: =F50-E50 -> 0 | G75: =G50-F50 -> 0 | H75: =H50-G50 -> 0 | I75: =I50-H50 -> 0 | J75: =J50-I50 -> 0 | K75: =K50-J50 -> 0 | L75: =L50-K50 -> 0 | ... N75: =N50-M50 -> 0
B76: Net cash from operating activities | E76: =SUM(E66:E75) -> 6645.4513 | F76: =SUM(F66:F75) -> 7106.1364 | G76: =SUM(G66:G75) -> 10676.587 | H76: =SUM(H66:H75) -> 15558.929 | I76: =SUM(I66:I75) -> 20327.476 | J76: =SUM(J66:J75) -> 24289.965 | K76: =SUM(K66:K75) -> 28854.513 | L76: =SUM(L66:L75) -> 33266.031 | ... N76: =SUM(N66:N75) -> 42297.269
B77: Capital expenditure | E77: =-(RevBuild!E7*Assumptions!E43+RevBuild!E11*Assumptions!E44+(RevBuild!E22+RevBuild!E28+RevBuild!E30+RevBuild!E32)*Assumptions!E45) -> -1256.9503 | F77: =-(RevBuild!F7*Assumptions!F43+RevBuild!F11*Assumptions!F44+(RevBuild!F22+RevBuild!F28+RevBuild!F30+RevBuild!F32)*Assumptions!F45) -> -1509.3691 | G77: =-(RevBuild!G7*Assumptions!G43+RevBuild!G11*Assumptions!G44+(RevBuild!G22+RevBuild!G28+RevBuild!G30+RevBuild!G32)*Assumptions!G45) -> -1779.6486 | H77: =-(RevBuild!H7*Assumptions!H43+RevBuild!H11*Assumptions!H44+(RevBuild!H22+RevBuild!H28+RevBuild!H30+RevBuild!H32)*Assumptions!H45) -> -1989.3293 | I77: =-(RevBuild!I7*Assumptions!I43+RevBuild!I11*Assumptions!I44+(RevBuild!I22+RevBuild!I28+RevBuild!I30+RevBuild!I32)*Assumptions!I45) -> -2203.2161 | J77: =-(RevBuild!J7*Assumptions!J43+RevBuild!J11*Assumptions!J44+(RevBuild!J22+RevBuild!J28+RevBuild!J30+RevBuild!J32)*Assumptions!J45) -> -2384.5524 | K77: =-(RevBuild!K7*Assumptions!K43+RevBuild!K11*Assumptions!K44+(RevBuild!K22+RevBuild!K28+RevBuild!K30+RevBuild!K32)*Assumptions!K45) -> -2549.4782 | L77: =-(RevBuild!L7*Assumptions!L43+RevBuild!L11*Assumptions!L44+(RevBuild!L22+RevBuild!L28+RevBuild!L30+RevBuild!L32)*Assumptions!L45) -> -2692.7428 | ... N77: =-(RevBuild!N7*Assumptions!N43+RevBuild!N11*Assumptions!N44+(RevBuild!N22+RevBuild!N28+RevBuild!N30+RevBuild!N32)*Assumptions!N45) -> -2889.3689
B78: Net cash used in investing activities | E78: =E77 -> -1256.9503 | F78: =F77 -> -1509.3691 | G78: =G77 -> -1779.6486 | H78: =H77 -> -1989.3293 | I78: =I77 -> -2203.2161 | J78: =J77 -> -2384.5524 | K78: =K77 -> -2549.4782 | L78: =L77 -> -2692.7428 | ... N78: =N77 -> -2889.3689
B79: Lease principal repayments | E79: =-E88 -> -644.0045 | F79: =-F88 -> -893.26 | G79: =-G88 -> -1231.805 | H79: =-H88 -> -1614.42 | I79: =-I88 -> -2007.78 | J79: =-J88 -> -2402.785 | K79: =-K88 -> -2806.08 | L79: =-L88 -> -3200.51 | ... N79: =-N88 -> -3959.84
B80: Net cash from financing activities | E80: =E79 -> -644.0045 | F80: =F79 -> -893.26 | G80: =G79 -> -1231.805 | H80: =H79 -> -1614.42 | I80: =I79 -> -2007.78 | J80: =J79 -> -2402.785 | K80: =K79 -> -2806.08 | L80: =L79 -> -3200.51 | ... N80: =N79 -> -3959.84
B81: Net change in cash & investments | E81: =E76+E78+E80 -> 4744.4966 | F81: =F76+F78+F80 -> 4703.5073 | G81: =G76+G78+G80 -> 7665.1333 | H81: =H76+H78+H80 -> 11955.18 | I81: =I76+I78+I80 -> 16116.48 | J81: =J76+J78+J80 -> 19502.627 | K81: =K76+K78+K80 -> 23498.955 | L81: =L76+L78+L80 -> 27372.779 | ... N81: =N76+N78+N80 -> 35448.06
B82: Opening cash & investments | E82: =D35 -> 18857 | F82: =E35 -> 23601.497 | G82: =F35 -> 28305.004 | H82: =G35 -> 35970.137 | I82: =H35 -> 47925.317 | J82: =I35 -> 64041.797 | K82: =J35 -> 83544.425 | L82: =K35 -> 107043.38 | ... N82: =M35 -> 165776.38
B83: Closing cash & investments | E83: =E81+E82 -> 23601.497 | F83: =F81+F82 -> 28305.004 | G83: =G81+G82 -> 35970.137 | H83: =H81+H82 -> 47925.317 | I83: =I81+I82 -> 64041.797 | J83: =J81+J82 -> 83544.425 | K83: =K81+K82 -> 107043.38 | L83: =L81+L82 -> 134416.16 | ... N83: =N81+N82 -> 201224.44
A85: # | B85: SUPPORTING SCHEDULES - LEASES, DEPRECIATION AND TREASURY
B86: Lease rent paid (Ind AS 116) | D86: =RevBuild!D9*Assumptions!D38+Assumptions!D39 -> 569.8535 | E86: =RevBuild!E9*Assumptions!E38+Assumptions!E39 -> 1014.4295 | F86: =RevBuild!F9*Assumptions!F38+Assumptions!F39 -> 1530.6 | G86: =RevBuild!G9*Assumptions!G38+Assumptions!G39 -> 2095.8 | H86: =RevBuild!H9*Assumptions!H38+Assumptions!H39 -> 2679 | I86: =RevBuild!I9*Assumptions!I38+Assumptions!I39 -> 3253.2 | J86: =RevBuild!J9*Assumptions!J38+Assumptions!J39 -> 3809.3 | K86: =RevBuild!K9*Assumptions!K38+Assumptions!K39 -> 4354 | ... N86: =RevBuild!N9*Assumptions!N38+Assumptions!N39 -> 5814.55
B87: Lease interest expense | D87: 154 | E87: =(E49+D49)/2*Assumptions!E42 -> 370.425 | F87: =(F49+E49)/2*Assumptions!F42 -> 637.34 | G87: =(G49+F49)/2*Assumptions!G42 -> 863.995 | H87: =(H49+G49)/2*Assumptions!H42 -> 1064.58 | I87: =(I49+H49)/2*Assumptions!I42 -> 1245.42 | J87: =(J49+I49)/2*Assumptions!J42 -> 1406.515 | K87: =(K49+J49)/2*Assumptions!K42 -> 1547.92 | L87: =(L49+K49)/2*Assumptions!L42 -> 1669.69 | ... N87: =(N49+M49)/2*Assumptions!N42 -> 1854.71
B88: Lease principal repayment | D88: =D86-D87 -> 415.8535 | E88: =E86-E87 -> 644.0045 | F88: =F86-F87 -> 893.26 | G88: =G86-G87 -> 1231.805 | H88: =H86-H87 -> 1614.42 | I88: =I86-I87 -> 2007.78 | J88: =J86-J87 -> 2402.785 | K88: =K86-K87 -> 2806.08 | ... N88: =N86-N87 -> 3959.84
B89: New lease additions (balancing) | E89: =E49-D49+E88 -> 3289.0045 | F89: =F49-E49+F88 -> 3101.26 | G89: =G49-F49+G88 -> 3144.805 | H89: =H49-G49+H88 -> 3348.42 | I89: =I49-H49+I88 -> 3561.78 | J89: =J49-I49+J88 -> 3777.785 | K89: =K49-J49+K88 -> 4002.08 | L89: =L49-K49+L88 -> 4218.51 | ... N89: =N49-M49+N88 -> 4623.84
B90: Right-of-use depreciation | D90: 420 | E90: =D40+E89-E40 -> 1040.5045 | F90: =E40+F89-F40 -> 1224.46 | G90: =F40+G89-G40 -> 1518.755 | H90: =G40+H89-H40 -> 1874.52 | I90: =H40+I89-I40 -> 2240.88 | J90: =I40+J89-J40 -> 2609.035 | K90: =J40+K89-K40 -> 2985.48 | L90: =K40+L89-L40 -> 3353.21 | ... N90: =M40+N89-N40 -> 4059.44
B91: PP&E depreciation | D91: 193 | E91: =(D39+0.5*-E77)*Assumptions!E46 -> 284.71602 | F91: =(E39+0.5*-F77)*Assumptions!F46 -> 460.46701 | G91: =(F39+0.5*-G77)*Assumptions!G46 -> 649.9137 | H91: =(G39+0.5*-H77)*Assumptions!H46 -> 847.44574 | I91: =(H39+0.5*-I77)*Assumptions!I46 -> 1047.2581 | J91: =(I39+0.5*-J77)*Assumptions!J46 -> 1246.7182 | K91: =(J39+0.5*-K77)*Assumptions!K46 -> 1441.9658 | L91: =(K39+0.5*-L77)*Assumptions!L46 -> 1630.6289 | ... N91: =(M39+0.5*-N77)*Assumptions!N46 -> 1975.6651
B92: Net cash / (debt) after lease liabilities | D92: =D35-D49 -> 16812 | E92: =E35-E49 -> 18911.497 | F92: =F35-F49 -> 21407.004 | G92: =G35-G49 -> 27159.137 | H92: =H35-H49 -> 37380.317 | I92: =I35-I49 -> 51942.797 | J92: =J35-J49 -> 70070.425 | K92: =K35-K49 -> 92373.38 | ... N92: =N35-N49 -> 184031.44
B93: Memo: net cash before lease liabilities | D93: =D35 -> 18857 | E93: =E35 -> 23601.497 | F93: =F35 -> 28305.004 | G93: =G35 -> 35970.137 | H93: =H35 -> 47925.317 | I93: =I35 -> 64041.797 | J93: =J35 -> 83544.425 | K93: =K35 -> 107043.38 | ... N93: =N35 -> 201224.44
B94: Interest-earning cash, average (non-circular basis) | E94: =D35+0.5*(E19*(1-Assumptions!E56)+E77+E79) -> 18194.649 | F94: =E35+0.5*(F19*(1-Assumptions!F56)+F77+F79) -> 23755.101 | G94: =F35+0.5*(G19*(1-Assumptions!G56)+G77+G79) -> 29708.33 | H94: =G35+0.5*(H19*(1-Assumptions!H56)+H77+H79) -> 38974.78 | I94: =H35+0.5*(I19*(1-Assumptions!I56)+I77+I79) -> 52409.684 | J94: =I35+0.5*(J19*(1-Assumptions!J56)+J77+J79) -> 69590.911 | K94: =J35+0.5*(K19*(1-Assumptions!K56)+K77+K79) -> 90376.342 | L94: =K35+0.5*(L19*(1-Assumptions!L56)+L77+L79) -> 115004.71 | ... N94: =M35+0.5*(N19*(1-Assumptions!N56)+N77+N79) -> 175915.27

Sheet Ratios
B2: Ratio Analysis & DuPont Decomposition
A4: # | B4: Ratio | C4: Units | D4: FY25A | E4: FY26E | F4: FY27E | G4: FY28E | H4: FY29E | I4: FY30E | J4: FY31E | K4: FY32E | L4: FY33E | M4: FY34E | N4: FY35E
A5: # | B5: PROFITABILITY
B6: Gross margin | D6: =Model!D9/Model!D6 -> 0.73063172 | E6: =Model!E9/Model!E6 -> 0.42398026 | F6: =Model!F9/Model!F6 -> 0.32729237 | G6: =Model!G9/Model!G6 -> 0.31336164 | H6: =Model!H9/Model!H6 -> 0.3049247 | I6: =Model!I9/Model!I6 -> 0.29977184 | J6: =Model!J9/Model!J6 -> 0.29542783 | K6: =Model!K9/Model!K6 -> 0.292633 | ... N6: =Model!N9/Model!N6 -> 0.2902759
B7: Adjusted EBITDA margin on B2C net order value | D7: =Model!D19/RevBuild!D42 -> 0.012296312 | E7: =Model!E19/RevBuild!E42 -> 0.011910256 | F7: =Model!F19/RevBuild!F42 -> 0.028585351 | G7: =Model!G19/RevBuild!G42 -> 0.04058657 | H7: =Model!H19/RevBuild!H42 -> 0.049657539 | I7: =Model!I19/RevBuild!I42 -> 0.056975675 | J7: =Model!J19/RevBuild!J42 -> 0.06067865 | K7: =Model!K19/RevBuild!K42 -> 0.063363909 | ... N7: =Model!N19/RevBuild!N42 -> 0.068219334
B8: EBITDA margin on revenue | D8: =Model!D22/Model!D6 -> 0.031509307 | E8: =Model!E22/Model!E6 -> 0.024820382 | F8: =Model!F22/Model!F6 -> 0.04869002 | G8: =Model!G22/Model!G6 -> 0.065580636 | H8: =Model!H22/Model!H6 -> 0.077337553 | I8: =Model!I22/Model!I6 -> 0.086453803 | J8: =Model!J22/Model!J6 -> 0.090892894 | K8: =Model!K22/Model!K6 -> 0.094246578 | ... N8: =Model!N22/Model!N6 -> 0.10083059
B9: EBIT margin on revenue | D9: =Model!D25/Model!D6 -> -0.011125389 | E9: =Model!E25/Model!E6 -> -0.0041756901 | F9: =Model!F25/Model!F6 -> 0.028663229 | G9: =Model!G25/Model!G6 -> 0.048010761 | H9: =Model!H25/Model!H6 -> 0.060997828 | I9: =Model!I25/Model!I6 -> 0.070856497 | J9: =Model!J25/Model!J6 -> 0.075841152 | K9: =Model!K25/Model!K6 -> 0.079687613 | ... N9: =Model!N25/Model!N6 -> 0.085918018
B10: Net margin | D10: =Model!D30/Model!D6 -> 0.026061952 | E10: =Model!E30/Model!E6 -> 0.0070046221 | F10: =Model!F30/Model!F6 -> 0.026784075 | G10: =Model!G30/Model!G6 -> 0.04334092 | H10: =Model!H30/Model!H6 -> 0.056292123 | I10: =Model!I30/Model!I6 -> 0.063805551 | J10: =Model!J30/Model!J6 -> 0.066580132 | K10: =Model!K30/Model!K6 -> 0.071388355 | ... N10: =Model!N30/Model!N6 -> 0.083632106
B11: Return on equity | E11: =Model!E30/((Model!E53+Model!D53)/2) -> 0.012387608 | F11: =Model!F30/((Model!F53+Model!E53)/2) -> 0.077092437 | G11: =Model!G30/((Model!G53+Model!F53)/2) -> 0.15252823 | H11: =Model!H30/((Model!H53+Model!G53)/2) -> 0.21198054 | I11: =Model!I30/((Model!I53+Model!H53)/2) -> 0.23461568 | J11: =Model!J30/((Model!J53+Model!I53)/2) -> 0.227842 | K11: =Model!K30/((Model!K53+Model!J53)/2) -> 0.22195208 | L11: =Model!L30/((Model!L53+Model!K53)/2) -> 0.20908039 | ... N11: =Model!N30/((Model!N53+Model!M53)/2) -> 0.18347709
B12: Return on capital employed (EBIT basis) | E12: =Model!E25/((Model!E53+Model!E49+Model!D53+Model!D49)/2) -> -0.0066592552 | F12: =Model!F25/((Model!F53+Model!F49+Model!E53+Model!E49)/2) -> 0.070249022 | G12: =Model!G25/((Model!G53+Model!G49+Model!F53+Model!F49)/2) -> 0.1402135 | H12: =Model!H25/((Model!H53+Model!H49+Model!G53+Model!G49)/2) -> 0.19059086 | I12: =Model!I25/((Model!I53+Model!I49+Model!H53+Model!H49)/2) -> 0.21930375 | J12: =Model!J25/((Model!J53+Model!J49+Model!I53+Model!I49)/2) -> 0.22261058 | K12: =Model!K25/((Model!K53+Model!K49+Model!J53+Model!J49)/2) -> 0.21659411 | L12: =Model!L25/((Model!L53+Model!L49+Model!K53+Model!K49)/2) -> 0.20232574 | ... N12: =Model!N25/((Model!N53+Model!N49+Model!M53+Model!M49)/2) -> 0.17270621
B13: Return on invested capital (NOPAT / IC) | D13: =Model!D25*(1-Assumptions!D56)/(Model!D53+Model!D49-Model!D35) -> -0.01260637 | E13: =Model!E25*(1-Assumptions!E56)/(Model!E53+Model!E49-Model!E35) -> -0.0090600744 | F13: =Model!F25*(1-Assumptions!F56)/(Model!F53+Model!F49-Model!F35) -> 0.13780664 | G13: =Model!G25*(1-Assumptions!G56)/(Model!G53+Model!G49-Model!G35) -> 0.33867015 | H13: =Model!H25*(1-Assumptions!H56)/(Model!H53+Model!H49-Model!H35) -> 0.56788751 | I13: =Model!I25*(1-Assumptions!I56)/(Model!I53+Model!I49-Model!I35) -> 0.77272357 | J13: =Model!J25*(1-Assumptions!J56)/(Model!J53+Model!J49-Model!J35) -> 0.91672627 | K13: =Model!K25*(1-Assumptions!K56)/(Model!K53+Model!K49-Model!K35) -> 1.0763125 | ... N13: =Model!N25*(1-Assumptions!N56)/(Model!N53+Model!N49-Model!N35) -> 1.4462723
B14: Memo: goodwill as % of invested capital | D14: =Model!D41/(Model!D53+Model!D49-Model!D35) -> 0.42947057 | E14: =Model!E41/(Model!E53+Model!E49-Model!E35) -> 0.46037419 | F14: =Model!F41/(Model!F53+Model!F49-Model!F35) -> 0.42886762 | G14: =Model!G41/(Model!G53+Model!G49-Model!G35) -> 0.39931634 | H14: =Model!H41/(Model!H53+Model!H49-Model!H35) -> 0.38004797 | I14: =Model!I41/(Model!I53+Model!I49-Model!I35) -> 0.36628026 | J14: =Model!J41/(Model!J53+Model!J49-Model!J35) -> 0.35514104 | K14: =Model!K41/(Model!K53+Model!K49-Model!K35) -> 0.34425249 | ... N14: =Model!N41/(Model!N53+Model!N49-Model!N35) -> 0.32239324
A15: # | B15: DUPONT DECOMPOSITION (3-step)
B16: Net margin (PAT / revenue) | E16: =Model!E30/Model!E6 -> 0.0070046221 | F16: =Model!F30/Model!F6 -> 0.026784075 | G16: =Model!G30/Model!G6 -> 0.04334092 | H16: =Model!H30/Model!H6 -> 0.056292123 | I16: =Model!I30/Model!I6 -> 0.063805551 | J16: =Model!J30/Model!J6 -> 0.066580132 | K16: =Model!K30/Model!K6 -> 0.071388355 | L16: =Model!L30/Model!L6 -> 0.075082061 | ... N16: =Model!N30/Model!N6 -> 0.083632106
B17: × Asset turnover (revenue / average assets) | E17: =Model!E6/((Model!E44+Model!D44)/2) -> 1.3904236 | F17: =Model!F6/((Model!F44+Model!E44)/2) -> 1.9669629 | G17: =Model!G6/((Model!G44+Model!F44)/2) -> 2.2073651 | H17: =Model!H6/((Model!H44+Model!G44)/2) -> 2.3049415 | I17: =Model!I6/((Model!I44+Model!H44)/2) -> 2.2744204 | J17: =Model!J6/((Model!J44+Model!I44)/2) -> 2.175408 | K17: =Model!K6/((Model!K44+Model!J44)/2) -> 2.0459203 | L17: =Model!L6/((Model!L44+Model!K44)/2) -> 1.901398 | ... N17: =Model!N6/((Model!N44+Model!M44)/2) -> 1.6074017
B18: × Equity multiplier (average assets / average equity) | E18: =((Model!E44+Model!D44)/2)/((Model!E53+Model!D53)/2) -> 1.2719077 | F18: =((Model!F44+Model!E44)/2)/((Model!F53+Model!E53)/2) -> 1.4633188 | G18: =((Model!G44+Model!F44)/2)/((Model!G53+Model!F53)/2) -> 1.5943289 | H18: =((Model!H44+Model!G44)/2)/((Model!H53+Model!G53)/2) -> 1.6337607 | I18: =((Model!I44+Model!H44)/2)/((Model!I53+Model!H53)/2) -> 1.616694 | J18: =((Model!J44+Model!I44)/2)/((Model!J53+Model!I53)/2) -> 1.5730713 | K18: =((Model!K44+Model!J44)/2)/((Model!K53+Model!J53)/2) -> 1.5196484 | L18: =((Model!L44+Model!K44)/2)/((Model!L53+Model!K53)/2) -> 1.4645495 | ... N18: =((Model!N44+Model!M44)/2)/((Model!N53+Model!M53)/2) -> 1.3648483
B19: = Return on equity | E19: =E16*E17*E18 -> 0.012387608 | F19: =F16*F17*F18 -> 0.077092437 | G19: =G16*G17*G18 -> 0.15252823 | H19: =H16*H17*H18 -> 0.21198054 | I19: =I16*I17*I18 -> 0.23461568 | J19: =J16*J17*J18 -> 0.227842 | K19: =K16*K17*K18 -> 0.22195208 | L19: =L16*L17*L18 -> 0.20908039 | ... N19: =N16*N17*N18 -> 0.18347709
B20: Cross-check vs direct ROE (must be zero) | E20: =E19-E11 -> 0 | F20: =F19-F11 -> 0 | G20: =G19-G11 -> 0 | H20: =H19-H11 -> 0 | I20: =I19-I11 -> 0 | J20: =J19-J11 -> 0 | K20: =K19-K11 -> 0 | L20: =L19-L11 -> 0 | ... N20: =N19-N11 -> 0
A22: # | B22: LIQUIDITY & LEVERAGE
B23: Net cash / (debt) after leases (₹ cr) | D23: =Model!D92 -> 16812 | E23: =Model!E92 -> 18911.497 | F23: =Model!F92 -> 21407.004 | G23: =Model!G92 -> 27159.137 | H23: =Model!H92 -> 37380.317 | I23: =Model!I92 -> 51942.797 | J23: =Model!J92 -> 70070.425 | K23: =Model!K92 -> 92373.38 | ... N23: =Model!N92 -> 184031.44
B24: Net cash as % of market capitalisation | D24: =Model!D92/Assumptions!$D$8 -> 0.071729895 | E24: =Model!E92/Assumptions!$D$8 -> 0.080687584 | F24: =Model!F92/Assumptions!$D$8 -> 0.091334888 | G24: =Model!G92/Assumptions!$D$8 -> 0.11587688 | H24: =Model!H92/Assumptions!$D$8 -> 0.15948645 | I24: =Model!I92/Assumptions!$D$8 -> 0.22161857 | J24: =Model!J92/Assumptions!$D$8 -> 0.29896171 | K24: =Model!K92/Assumptions!$D$8 -> 0.39411925 | ... N24: =Model!N92/Assumptions!$D$8 -> 0.78518653
B25: Lease liabilities / equity | D25: =Model!D49/Model!D53 -> 0.067453904 | E25: =Model!E49/Model!E53 -> 0.1488419 | F25: =Model!F49/Model!F53 -> 0.19747507 | G25: =Model!G49/Model!G53 -> 0.21137626 | H25: =Model!H49/Model!H53 -> 0.20031705 | I25: =Model!I49/Model!I53 -> 0.17851013 | J25: =Model!J49/Model!J53 -> 0.15594553 | K25: =Model!K49/Model!K53 -> 0.13431424 | ... N25: =Model!N49/Model!N53 -> 0.085104637
B26: Net debt / adjusted EBITDA | D26: =-Model!D92/Model!D19 -> -21.949231 | E26: =-Model!E92/Model!E19 -> -16.409033 | F26: =-Model!F92/Model!F19 -> -5.3718212 | G26: =-Model!G92/Model!G19 -> -3.5477092 | H26: =-Model!H92/Model!H19 -> -3.1108025 | I26: =-Model!I92/Model!I19 -> -3.074068 | J26: =-Model!J92/Model!J19 -> -3.3007135 | K26: =-Model!K92/Model!K19 -> -3.6343432 | ... N26: =-Model!N92/Model!N19 -> -5.0765205
B27: Interest coverage (EBIT / lease interest) | D27: =-Model!D25/Model!D28 -> -1.4623189 | E27: =-Model!E25/Model!E28 -> -0.6162806 | F27: =-Model!F25/Model!F28 -> 4.3002608 | G27: =-Model!G25/Model!G28 -> 7.4914004 | H27: =-Model!H25/Model!H28 -> 10.176152 | I27: =-Model!I25/Model!I28 -> 12.595871 | J27: =-Model!J25/Model!J28 -> 14.224817 | K27: =-Model!K25/Model!K28 -> 15.655432 | ... N27: =-Model!N25/Model!N28 -> 18.747371
A29: # | B29: EFFICIENCY
B30: Inventory days (on COGS) | D30: =Model!D36/-Model!D8*365 -> 44.51644 | E30: =Model!E36/-Model!E8*365 -> 14 | F30: =Model!F36/-Model!F8*365 -> 14 | G30: =Model!G36/-Model!G8*365 -> 14 | H30: =Model!H36/-Model!H8*365 -> 14 | I30: =Model!I36/-Model!I8*365 -> 14 | J30: =Model!J36/-Model!J8*365 -> 14 | K30: =Model!K36/-Model!K8*365 -> 14 | ... N30: =Model!N36/-Model!N8*365 -> 14
B31: Trade payable days (on COGS) | D31: =Model!D47/-Model!D8*365 -> 104.69731 | E31: =Model!E47/-Model!E8*365 -> 30 | F31: =Model!F47/-Model!F8*365 -> 30 | G31: =Model!G47/-Model!G8*365 -> 30 | H31: =Model!H47/-Model!H8*365 -> 30 | I31: =Model!I47/-Model!I8*365 -> 30 | J31: =Model!J47/-Model!J8*365 -> 30 | K31: =Model!K47/-Model!K8*365 -> 30 | ... N31: =Model!N47/-Model!N8*365 -> 30
B32: Trade receivable days (on revenue) | D32: =Model!D37/Model!D6*365 -> 35.00022 | E32: =Model!E37/Model!E6*365 -> 8 | F32: =Model!F37/Model!F6*365 -> 8 | G32: =Model!G37/Model!G6*365 -> 8 | H32: =Model!H37/Model!H6*365 -> 8 | I32: =Model!I37/Model!I6*365 -> 8 | J32: =Model!J37/Model!J6*365 -> 8 | K32: =Model!K37/Model!K6*365 -> 8 | ... N32: =Model!N37/Model!N6*365 -> 8
B33: Cash conversion cycle (days) | D33: =Model!D36/-Model!D8*365+Model!D37/Model!D6*365-Model!D47/-Model!D8*365 -> -25.180651 | E33: =Model!E36/-Model!E8*365+Model!E37/Model!E6*365-Model!E47/-Model!E8*365 -> -8 | F33: =Model!F36/-Model!F8*365+Model!F37/Model!F6*365-Model!F47/-Model!F8*365 -> -8 | G33: =Model!G36/-Model!G8*365+Model!G37/Model!G6*365-Model!G47/-Model!G8*365 -> -8 | H33: =Model!H36/-Model!H8*365+Model!H37/Model!H6*365-Model!H47/-Model!H8*365 -> -8 | I33: =Model!I36/-Model!I8*365+Model!I37/Model!I6*365-Model!I47/-Model!I8*365 -> -8 | J33: =Model!J36/-Model!J8*365+Model!J37/Model!J6*365-Model!J47/-Model!J8*365 -> -8 | K33: =Model!K36/-Model!K8*365+Model!K37/Model!K6*365-Model!K47/-Model!K8*365 -> -8 | ... N33: =Model!N36/-Model!N8*365+Model!N37/Model!N6*365-Model!N47/-Model!N8*365 -> -8
B34: Capex as % of B2C net order value | E34: =-Model!E77/RevBuild!E42 -> 0.012989614 | F34: =-Model!F77/RevBuild!F42 -> 0.010826913 | G34: =-Model!G77/RevBuild!G42 -> 0.0094351465 | H34: =-Model!H77/RevBuild!H42 -> 0.0082209372 | I34: =-Model!I77/RevBuild!I42 -> 0.0074290744 | J34: =-Model!J77/RevBuild!J42 -> 0.0068157848 | K34: =-Model!K77/RevBuild!K42 -> 0.0063558315 | L34: =-Model!L77/RevBuild!L42 -> 0.0059978451 | ... N34: =-Model!N77/RevBuild!N42 -> 0.005437316
B35: NOV per average dark store per day (₹ lakh) | D35: =RevBuild!D10 -> 6.71 | E35: =RevBuild!E10 -> 7.39 | F35: =RevBuild!F10 -> 7.9 | G35: =RevBuild!G10 -> 8.5 | H35: =RevBuild!H10 -> 9.15 | I35: =RevBuild!I10 -> 9.8 | J35: =RevBuild!J10 -> 10.4 | K35: =RevBuild!K10 -> 10.95 | ... N35: =RevBuild!N10 -> 12.3
A37: # | B37: VALUATION AT REFERENCE PRICE
B38: P / E | D38: =Assumptions!$D$6/Model!D32 -> 404.35443 | E38: =Assumptions!$D$6/Model!E32 -> 612.04585 | F38: =Assumptions!$D$6/Model!F32 -> 91.516979 | G38: =Assumptions!$D$6/Model!G32 -> 40.113025 | H38: =Assumptions!$D$6/Model!H32 -> 23.443585 | I38: =Assumptions!$D$6/Model!I32 -> 16.591909 | J38: =Assumptions!$D$6/Model!J32 -> 13.344073 | K38: =Assumptions!$D$6/Model!K32 -> 10.796154 | ... N38: =Assumptions!$D$6/Model!N32 -> 6.924908
B39: EV / adjusted EBITDA | D39: =(Assumptions!$D$8-Model!D92)/Model!D19 -> 284.04914 | E39: =(Assumptions!$D$8-Model!E92)/Model!E19 -> 186.95599 | F39: =(Assumptions!$D$8-Model!F92)/Model!F19 -> 53.442738 | G39: =(Assumptions!$D$8-Model!G92)/Model!G19 -> 27.068487 | H39: =(Assumptions!$D$8-Model!H92)/Model!H19 -> 16.394318 | I39: =(Assumptions!$D$8-Model!I92)/Model!I19 -> 10.796918 | J39: =(Assumptions!$D$8-Model!J92)/Model!J19 -> 7.7398762 | K39: =(Assumptions!$D$8-Model!K92)/Model!K19 -> 5.5870872 | ... N39: =(Assumptions!$D$8-Model!N92)/Model!N19 -> 1.3888483
B40: EV / revenue | D40: =(Assumptions!$D$8-Model!D92)/Model!D6 -> 10.748452 | E40: =(Assumptions!$D$8-Model!E92)/Model!E6 -> 3.9412301 | F40: =(Assumptions!$D$8-Model!F92)/Model!F6 -> 2.2273178 | G40: =(Assumptions!$D$8-Model!G92)/Model!G6 -> 1.5370794 | H40: =(Assumptions!$D$8-Model!H92)/Model!H6 -> 1.1092166 | I40: =(Assumptions!$D$8-Model!I92)/Model!I6 -> 0.8240381 | J40: =(Assumptions!$D$8-Model!J92)/Model!J6 -> 0.62283756 | K40: =(Assumptions!$D$8-Model!K92)/Model!K6 -> 0.46696422 | ... N40: =(Assumptions!$D$8-Model!N92)/Model!N6 -> 0.12440807
B41: EV / B2C net order value | D41: =(Assumptions!$D$8-Model!D92)/RevBuild!D42 -> 3.4927568 | E41: =(Assumptions!$D$8-Model!E92)/RevBuild!E42 -> 2.2266937 | F41: =(Assumptions!$D$8-Model!F92)/RevBuild!F42 -> 1.5276794 | G41: =(Assumptions!$D$8-Model!G92)/RevBuild!G42 -> 1.0986171 | H41: =(Assumptions!$D$8-Model!H92)/RevBuild!H42 -> 0.81410149 | I41: =(Assumptions!$D$8-Model!I92)/RevBuild!I42 -> 0.61516168 | J41: =(Assumptions!$D$8-Model!J92)/RevBuild!J42 -> 0.46964524 | K41: =(Assumptions!$D$8-Model!K92)/RevBuild!K42 -> 0.35401968 | ... N41: =(Assumptions!$D$8-Model!N92)/RevBuild!N42 -> 0.094746305
B42: P / B | D42: =Assumptions!$D$8/Model!D53 -> 7.7309518 | E42: =Assumptions!$D$8/Model!E53 -> 7.4382635 | F42: =Assumptions!$D$8/Model!F53 -> 6.7097801 | G42: =Assumptions!$D$8/Model!G53 -> 5.6227684 | H42: =Assumptions!$D$8/Model!H53 -> 4.4523626 | I42: =Assumptions!$D$8/Model!I53 -> 3.4580604 | J42: =Assumptions!$D$8/Model!J53 -> 2.7126613 | K42: =Assumptions!$D$8/Model!K53 -> 2.1459082 | ... N42: =Assumptions!$D$8/Model!N53 -> 1.1601676

Sheet DCF
B2: Discounted Cash Flow - FCFF
A4: # | B4: Free cash flow to the firm (₹ cr) | C4: Units | D4: FY25A | E4: FY26E | F4: FY27E | G4: FY28E | H4: FY29E | I4: FY30E | J4: FY31E | K4: FY32E | L4: FY33E | M4: FY34E | N4: FY35E
B5: FCFF BUILD
B6: EBIT | C6: ₹ cr | F6: =Model!F25 -> 2740.7282 | G6: =Model!G25 -> 6472.5325 | H6: =Model!H25 -> 10833.328 | I6: =Model!I25 -> 15687.15 | J6: =Model!J25 -> 20007.419 | K6: =Model!K25 -> 24233.356 | L6: =Model!L25 -> 27880.329 | M6: =Model!M25 -> 31400.889 | N6: =Model!N25 -> 34770.937
B7: Effective tax rate | C7: % | F7: =Assumptions!F56 -> 0.32 | G7: =Assumptions!G56 -> 0.24 | H7: =Assumptions!H56 -> 0.2 | I7: =Assumptions!I56 -> 0.22 | J7: =Assumptions!J56 -> 0.2517 | K7: =Assumptions!K56 -> 0.2517 | L7: =Assumptions!L56 -> 0.2517 | M7: =Assumptions!M56 -> 0.2517 | N7: =Assumptions!N56 -> 0.2517
B8: NOPAT | F8: =F6*(1-F7) -> 1863.6952 | G8: =G6*(1-G7) -> 4919.1247 | H8: =H6*(1-H7) -> 8666.6627 | I8: =I6*(1-I7) -> 12235.977 | J8: =J6*(1-J7) -> 14971.551 | K8: =K6*(1-K7) -> 18133.82 | L8: =L6*(1-L7) -> 20862.85 | M8: =M6*(1-M7) -> 23497.285 | N8: =N6*(1-N7) -> 26019.092
B9: Add: depreciation & amortisation | F9: =-Model!F23 -> 1914.927 | G9: =-Model!G23 -> 2368.6687 | H9: =-Model!H23 -> 2901.9657 | I9: =-Model!I23 -> 3453.1381 | J9: =-Model!J23 -> 3970.7532 | K9: =-Model!K23 -> 4427.4458 | L9: =-Model!L23 -> 4983.8389 | M9: =-Model!M23 -> 5522.8146 | N9: =-Model!N23 -> 6035.1051
B10: Less: capital expenditure | F10: =Model!F77 -> -1509.3691 | G10: =Model!G77 -> -1779.6486 | H10: =Model!H77 -> -1989.3293 | I10: =Model!I77 -> -2203.2161 | J10: =Model!J77 -> -2384.5524 | K10: =Model!K77 -> -2549.4782 | L10: =Model!L77 -> -2692.7428 | M10: =Model!M77 -> -2805.6487 | N10: =Model!N77 -> -2889.3689
B11: Less: increase in net working capital | F11: =SUM(Model!F69:F75) -> 1770.1626 | G11: =SUM(Model!G69:G75) -> 1554.9465 | H11: =SUM(Model!H69:H75) -> 1699.3774 | I11: =SUM(Model!I69:I75) -> 1738.2201 | J11: =SUM(Model!J69:J75) -> 1694.914 | K11: =SUM(Model!K69:K75) -> 1607.5529 | L11: =SUM(Model!L69:L75) -> 1484.7094 | M11: =SUM(Model!M69:M75) -> 1333.0217 | N11: =SUM(Model!N69:N75) -> 1156.3329
B12: Less: lease principal repayments | F12: =Model!F79 -> -893.26 | G12: =Model!G79 -> -1231.805 | H12: =Model!H79 -> -1614.42 | I12: =Model!I79 -> -2007.78 | J12: =Model!J79 -> -2402.785 | K12: =Model!K79 -> -2806.08 | L12: =Model!L79 -> -3200.51 | M12: =Model!M79 -> -3587.065 | N12: =Model!N79 -> -3959.84
B13: FREE CASH FLOW TO THE FIRM | F13: =SUM(F8:F12) -> 3146.1557 | G13: =SUM(G8:G12) -> 5831.2864 | H13: =SUM(H8:H12) -> 9664.2564 | I13: =SUM(I8:I12) -> 13216.339 | J13: =SUM(J8:J12) -> 15849.881 | K13: =SUM(K8:K12) -> 18813.26 | L13: =SUM(L8:L12) -> 21438.146 | M13: =SUM(M8:M12) -> 23960.408 | N13: =SUM(N8:N12) -> 26361.321
B14: FCFF margin on B2C net order value | F14: =F13/RevBuild!F42 -> 0.022567809 | G14: =G13/RevBuild!G42 -> 0.030915678 | H14: =H13/RevBuild!H42 -> 0.039937704 | I14: =I13/RevBuild!I42 -> 0.044564474 | J14: =J13/RevBuild!J42 -> 0.045303839 | K14: =K13/RevBuild!K42 -> 0.046901327 | L14: =L13/RevBuild!L42 -> 0.047751564 | M14: =M13/RevBuild!M42 -> 0.048657821 | N14: =N13/RevBuild!N42 -> 0.049607662
A17: # | B17: DISCOUNTING
B18: Discount period | C18: yrs | F18: 1 | G18: 2 | H18: 3 | I18: 4 | J18: 5 | K18: 6 | L18: 7 | M18: 8 | N18: 9
B19: WACC | F19: =Assumptions!$D$59 -> 0.12660169 | G19: =Assumptions!$D$59 -> 0.12660169 | H19: =Assumptions!$D$59 -> 0.12660169 | I19: =Assumptions!$D$59 -> 0.12660169 | J19: =Assumptions!$D$59 -> 0.12660169 | K19: =Assumptions!$D$59 -> 0.12660169 | L19: =Assumptions!$D$59 -> 0.12660169 | M19: =Assumptions!$D$59 -> 0.12660169 | N19: =Assumptions!$D$59 -> 0.12660169
B20: Discount factor | F20: =1/(1+F19)^F18 -> 0.88762516 | G20: =1/(1+G19)^G18 -> 0.78787842 | H20: =1/(1+H19)^H18 -> 0.69934071 | I20: =1/(1+I19)^I18 -> 0.62075241 | J20: =1/(1+J19)^J18 -> 0.55099545 | K20: =1/(1+K19)^K18 -> 0.48907743 | L20: =1/(1+L19)^L18 -> 0.43411743 | M20: =1/(1+M19)^M18 -> 0.38533355 | N20: =1/(1+N19)^N18 -> 0.34203176
B21: PV of FCFF | F21: =F13*F20 -> 2792.6069 | G21: =G13*G20 -> 4594.3447 | H21: =H13*H20 -> 6758.608 | I21: =I13*I20 -> 8204.0742 | J21: =J13*J20 -> 8733.2125 | K21: =K13*K20 -> 9201.141 | L21: =L13*L20 -> 9306.6728 | M21: =M13*M20 -> 9232.7491 | N21: =N13*N20 -> 9016.409
A23: # | B23: ENTERPRISE & EQUITY VALUE
B24: PV of explicit forecast FCFF (FY27E-FY35E) | C24: ₹ cr | N24: =SUM(F21:N21) -> 67839.818
B25: Terminal growth rate (INR nominal) | N25: =Assumptions!$D$60 -> 0.065
B26: Terminal value at FY35E (Gordon growth) | C26: ₹ cr | N26: =N13*(1+N25)/(N19-N25) -> 455747.39
B27: PV of terminal value | C27: ₹ cr | N27: =N26*N20 -> 155880.08
B28: ENTERPRISE VALUE | C28: ₹ cr | N28: =N24+N27 -> 223719.9
B29: Terminal value as % of enterprise value | N29: =N27/N28 -> 0.69676448
B30: Implied terminal EV / FY35E adjusted EBITDA | C30: x | N30: =N26/Model!N19 -> 12.571824
B31: Cash, deposits & treasury investments, FY26E | C31: ₹ cr | N31: =Model!E35 -> 23601.497
B32: Less: lease liabilities, FY26E | C32: ₹ cr | N32: =-Model!E49 -> -4690
B33: Net cash after lease liabilities | C33: ₹ cr | N33: =N31+N32 -> 18911.497
A35: # | B35: EQUITY VALUE | C35: ₹ cr | N35: =N28+N33 -> 242631.39
B37: Shares outstanding (crore) | N37: =Assumptions!$D$7 -> 965.04
A39: # | B39: VALUE PER SHARE - DCF | C39: ₹/sh | N39: =N35/N37 -> 251.42107
B40: Current market price | C40: ₹/sh | N40: =Assumptions!$D$6 -> 242.87
B41: Implied upside / (downside) | N41: =N39/N40-1 -> 0.035208441
B43: Market-implied terminal EV / FY35E adjusted EBITDA | C43: x | N43: =N50/Model!N19 -> 11.906285
A44: # | B44: REVERSE DCF - WHAT THE CURRENT PRICE IMPLIES
B45: Market capitalisation at CMP | N45: =Assumptions!$D$8 -> 234379.26
B46: Less: net cash after lease liabilities | N46: =-N33 -> -18911.497
B47: Market-implied enterprise value | N47: =N45+N46 -> 215467.77
B48: Less: PV of explicit FY27E-FY35E FCFF | N48: =-N24 -> -67839.818
B49: Market-implied PV of terminal value | N49: =N47+N48 -> 147627.95
B50: Market-implied terminal value at FY35E | N50: =N49/N20 -> 431620.6
B51: IMPLIED PERPETUAL GROWTH AT CURRENT PRICE | N51: =(N50*N19-N13)/(N50+N13) -> 0.061754782
B52: Our base-case terminal growth | N52: =Assumptions!$D$60 -> 0.065
A54: # | B54: TERMINAL VALUE CROSS-CHECK - EXIT MULTIPLE
B55: FY35E adjusted EBITDA | C55: ₹ cr | N55: =Model!N19 -> 36251.492
B56: Exit EV / EBITDA multiple | C56: x | N56: 12
B57: Terminal value on exit multiple | C57: ₹ cr | N57: =N55*N56 -> 435017.91
B58: Enterprise value (exit multiple) | C58: ₹ cr | N58: =N24+N57*N20 -> 216629.76
B59: VALUE PER SHARE - EXIT MULTIPLE | C59: ₹/sh | N59: =(N58+N33)/N37 -> 244.07408
B60: Difference vs Gordon growth terminal value | C60: ₹/sh | N60: =N59-N39 -> -7.3469912

Sheet SOTP
B2: Sum-of-the-Parts - FY30E Segment Metrics
B3: Eternal is four businesses with different growth, margin and capital profiles. Consolidated multiples are close to meaningless here; this is the primary valuation method.
A5: # | B5: Segment | C5: Valuation metric (FY30E) | D5: Metric value (₹ cr) | E5: Multiple | F5: Enterprise value (₹ cr) | G5: % of total
B6: Quick commerce (Blinkit) | C6: EV / net order value | D6: =RevBuild!I11 -> 200312 | E6: 1.5 | F6: =D6*E6 -> 300468 | G6: =F6/$F$11 -> 0.6107083
B7: Food delivery (Zomato) | C7: EV / adjusted EBITDA | D7: =RevBuild!I24 -> 4837.3235 | E7: 30 | F7: =D7*E7 -> 145119.7 | G7: =F7/$F$11 -> 0.29495922
B8: Going-out (District) | C8: EV / net order value | D8: =RevBuild!I27 -> 28123.381 | E8: 1 | F8: =D8*E8 -> 28123.381 | G8: =F8/$F$11 -> 0.057161436
B9: Hyperpure (B2B supplies) | C9: EV / revenue | D9: =RevBuild!I30 -> 12192.082 | E9: 1.5 | F9: =D9*E9 -> 18288.123 | G9: =F9/$F$11 -> 0.037171042
B10: Other segments (Bistro, Nugget) | C10: Loss-making; no value ascribed | D10: =RevBuild!I32 -> 1500 | E10: 0 | F10: =D10*E10 -> 0 | G10: =F10/$F$11 -> 0
B11: Total enterprise value, FY30E basis | F11: =SUM(F6:F10) -> 491999.21
A13: # | B13: DISCOUNT BACK TO THE VALUATION DATE
B14: Years from 31-Mar-2026 to FY30E | D14: 4
B15: Discount rate (WACC) | D15: =Assumptions!$D$59 -> 0.12660169
B16: Discount factor | D16: =1/(1+D15)^D14 -> 0.62075241
B17: Present value of segment enterprise value | D17: =F11*D16 -> 305409.69
B19: Add: net cash after lease liabilities, FY26E | D19: =DCF!N33 -> 18911.497
D20: =D17+D19 -> 324321.19
B22: Shares outstanding (crore) | D22: =Assumptions!$D$7 -> 965.04
B24: VALUE PER SHARE - SOTP | D24: =D20/D22 -> 336.0702
B25: Implied upside / (downside) | D25: =D24/Assumptions!$D$6-1 -> 0.38374523
A27: # | B27: CROSS-CHECK - WHAT EACH MULTIPLE IMPLIES
B28: Blinkit EV / FY30E revenue (implied) | D28: =F6/RevBuild!I14 -> 1.6304348
B29: Blinkit EV / FY30E adjusted EBITDA (implied) | D29: =F6/RevBuild!I16 -> 29.411765
B30: Food delivery EV / FY30E NOV (implied) | D30: =F7/RevBuild!I19 -> 2.13
B31: Blinkit implied EV as % of total | D31: =G6 -> 0.6107083

Sheet Comps
B2: Listed Peer Comparables - India Consumer Internet & Organised Retail
A5: # | B5: Company | C5: Price (₹) | D5: Mkt cap (₹ cr) | E5: Net cash (₹ cr) | F5: Ent. value (₹ cr) | G5: Revenue (₹ cr) | H5: EBITDA (₹ cr) | I5: EV / revenue | J5: EV / EBITDA | K5: EBITDA margin | L5: Revenue growth
B6: Swiggy Limited | C6: 289.85 | D6: 79773 | E6: 3300 | F6: =D6-E6 -> 76473 | G6: 19500 | H6: -2931 | I6: =F6/G6 -> 3.9216923 | J6: =IF(H6<=0,"n.m.",F6/H6) -> n.m. | K6: -0.155 | L6: 0.45
B7: FSN E-Commerce Ventures (Nykaa) | C7: 259 | D7: 74259 | E7: 350 | F7: =D7-E7 -> 73909 | G7: 9200 | H7: =G7*K7 -> 598 | I7: =F7/G7 -> 8.033587 | J7: =IF(H7<=0,"n.m.",F7/H7) -> 123.59365 | K7: 0.065 | L7: 0.24
B8: Info Edge (India) | C8: 998 | D8: 64707.94 | E8: 2500 | F8: =D8-E8 -> 62207.94 | G8: 3200 | H8: =G8*K8 -> 1216 | I8: =F8/G8 -> 19.439981 | J8: =IF(H8<=0,"n.m.",F8/H8) -> 51.157845 | K8: 0.38 | L8: 0.15
B9: Brainbees Solutions (FirstCry) | C9: 214.5 | D9: 11180.13 | E9: 1800 | F9: =D9-E9 -> 9380.13 | G9: 8600 | H9: =G9*K9 -> 215 | I9: =F9/G9 -> 1.0907128 | J9: =IF(H9<=0,"n.m.",F9/H9) -> 43.628512 | K9: 0.025 | L9: 0.15
B10: Meesho Limited | C10: 156 | D10: 97072 | E10: 4045 | F10: =D10-E10 -> 93027 | G10: 13835 | H10: -1475 | I10: =F10/G10 -> 6.7240332 | J10: =IF(H10<=0,"n.m.",F10/H10) -> n.m. | K10: =IFERROR(H10/G10,"") -> -0.10661366 | L10: 0.34
B11: Peer median | I11: =MEDIAN(I6:I10) -> 6.7240332 | J11: =MEDIAN(J6:J10) -> 51.157845 | K11: =MEDIAN(K6:K10) -> 0.025 | L11: =MEDIAN(L6:L10) -> 0.24
B13: ETERNAL (this model, FY26E) | C13: =Assumptions!$D$6 -> 242.87 | D13: =Assumptions!$D$8 -> 234379.26 | E13: =Model!E92 -> 18911.497 | F13: =D13-E13 -> 215467.77 | G13: =Model!E6 -> 54670.182 | H13: =Model!E22 -> 1356.9348 | I13: =F13/G13 -> 3.9412301 | J13: =F13/H13 -> 158.79007 | K13: =Model!E22/Model!E6 -> 0.024820382 | L13: =Model!E7 -> 1.7008651
B14: Eternal premium / (discount) to peer median - EV / revenue | I14: =I13/I11-1 -> -0.41385922
B15: Eternal premium / (discount) to peer median - EV / EBITDA | J15: =J13/J11-1 -> 2.1039241
A18: # | B18: WHY EV / REVENUE DOES NOT WORK HERE - THE ORDER-VALUE VIEW
B20: FY27E basis | C20: Order value (₹ cr) | D20: Ent. value (₹ cr) | E20: EV / order value
B21: Eternal - B2C net order value | C21: =RevBuild!F42 -> 139409 | D21: =F13 -> 215467.77 | E21: =D21/C21 -> 1.54558
B22: Swiggy - gross order value | C22: 65000 | D22: =F6 -> 76473 | E22: =D22/C22 -> 1.1765077
B23: Eternal premium to Swiggy on EV / order value | E23: =E21/E22-1 -> 0.3137016
A25: # | B25: IMPLIED VALUATION - THREE ROUTES, TRIANGULATED
B26: Method | C26: Metric value | D26: Multiple | E26: Implied EV (₹ cr) | F26: Implied equity (₹ cr) | G26: Discount (yrs) | H26: Value / share (₹)
B27: EV / net order value on FY27E B2C NOV | C27: =RevBuild!F42 -> 139409 | D27: 2.1 | E27: =C27*D27 -> 292758.9 | F27: =E27+Model!E92 -> 311670.4 | G27: 0 | H27: =F27/Assumptions!$D$7/(1+Assumptions!$D$59)^G27 -> 322.96112 | M27: Blinkit-weighted; the only like-for-like denominator
B28: EV / adjusted EBITDA on FY29E | C28: =Model!H19 -> 12016.294 | D28: 22 | E28: =C28*D28 -> 264358.47 | F28: =E28+Model!E92 -> 283269.97 | G28: 3 | H28: =F28/Assumptions!$D$7/(1+Assumptions!$D$59)^G28 -> 205.27877 | M28: Discount to organised-retail median for execution risk
B29: P / E on FY30E EPS | C29: =Model!I32 -> 14.637857 | D29: 30 | G29: 4 | H29: =C29*D29/(1+Assumptions!$D$59)^G29 -> 272.59456 | M29: First year of clean, tax-normalised earnings
B30: Average of the three routes | H30: =AVERAGE(H27:H29) -> 266.94481
B31: RELATIVE-VALUATION VALUE PER SHARE (feeds the Summary tab) | H31: =H30 -> 266.94481
B32: Implied upside / (downside) vs reference price | H32: =H31/Assumptions!$D$6-1 -> 0.099126337

Sheet Scenarios
B2: Scenarios - Bull / Base / Bear
B3: Each scenario is a live nine-year mini-DCF driven off Blinkit's store count, store productivity and margin - the three variables that decide this stock. Assumption deltas are stated, not just outputs.
A5: # | B5: Scenario driver | C5: Units | D5: FY27E | E5: FY28E | F5: FY29E | G5: FY30E | H5: FY31E | I5: FY32E | J5: FY33E | K5: FY34E | L5: FY35E | M5: Value/sh
A6: # | B6: BULL - competition rationalises, Blinkit runs at 4,000 stores by March 2027 and lands the top of its guided margin band
B7: Blinkit dark stores, closing | C7: count | D7: 3600 | E7: 4900 | F7: 6200 | G7: 7300 | H7: 8200 | I7: 9000 | J7: 9600 | K7: 10200 | L7: 10700
B8: NOV per store per day | C8: ₹ lakh | D8: 8.9 | E8: 9.9 | F8: 10.9 | G8: 11.8 | H8: 12.6 | I8: 13.3 | J8: 13.9 | K8: 14.4 | L8: 14.9
B9: Blinkit net order value | C9: ₹ cr | D9: =(Assumptions!$E$14+D7)/2*365*D8/100 -> 95830.75 | E9: =(D7+E7)/2*365*E8/100 -> 153573.75 | F9: =(E7+F7)/2*365*F8/100 -> 220806.75 | G9: =(F7+G7)/2*365*G8/100 -> 290722.5 | H9: =(G7+H7)/2*365*H8/100 -> 356422.5 | I9: =(H7+I7)/2*365*I8/100 -> 417487 | J9: =(I7+J7)/2*365*J8/100 -> 471835.5 | K9: =(J7+K7)/2*365*K8/100 -> 520344 | L9: =(K7+L7)/2*365*L8/100 -> 568323.25
B10: Blinkit adjusted EBITDA margin (% of NOV) | C10: % | D10: 0.024 | E10: 0.04 | F10: 0.052 | G10: 0.059 | H10: 0.063 | I10: 0.065 | J10: 0.065 | K10: 0.065 | L10: 0.065
B11: Consolidated adjusted EBITDA | C11: ₹ cr | D11: =D9*D10+(RevBuild!F44-RevBuild!F16) -> 4670.2332 | E11: =E9*E10+(RevBuild!G44-RevBuild!G16) -> 9789.9212 | F11: =F9*F10+(RevBuild!H44-RevBuild!H16) -> 16518.168 | G11: =G9*G10+(RevBuild!I44-RevBuild!I16) -> 23833.803 | H11: =H9*H10+(RevBuild!J44-RevBuild!J16) -> 30425.959 | I11: =I9*I10+(RevBuild!K44-RevBuild!K16) -> 36326.651 | J11: =J9*J10+(RevBuild!L44-RevBuild!L16) -> 40891.273 | K11: =K9*K10+(RevBuild!M44-RevBuild!M16) -> 45053.304 | L11: =L9*L10+(RevBuild!N44-RevBuild!N16) -> 49200.615
B12: Free cash flow to the firm | C12: ₹ cr | D12: =DCF!F13*D11/RevBuild!F44 -> 3687.0959 | E12: =DCF!G13*E11/RevBuild!G44 -> 7457.1969 | F12: =DCF!H13*F11/RevBuild!H44 -> 13284.945 | G12: =DCF!I13*G11/RevBuild!I44 -> 18642.007 | H12: =DCF!J13*H11/RevBuild!J44 -> 22716.602 | I12: =DCF!K13*I11/RevBuild!K44 -> 26888.622 | J12: =DCF!L13*J11/RevBuild!L44 -> 30069.083 | K12: =DCF!M13*K11/RevBuild!M44 -> 32936.851 | L12: =DCF!N13*L11/RevBuild!N44 -> 35777.651
B13: WACC / terminal growth | D13: 0.116 | E13: 0.07 | M13: =(D12/(1+$D$13)^1+E12/(1+$D$13)^2+F12/(1+$D$13)^3+G12/(1+$D$13)^4+H12/(1+$D$13)^5+I12/(1+$D$13)^6+J12/(1+$D$13)^7+K12/(1+$D$13)^8+L12/(1+$D$13)^9+L12*(1+$E$13)/($D$13-$E$13)/(1+$D$13)^9+DCF!$N$33)/DCF!$N$37 -> 443.20117
B14: Implied upside / (downside) vs reference price | M14: =M13/Assumptions!$D$6-1 -> 0.82484937
A16: # | B16: BASE - mirrors the main model; drivers linked live to the Assumptions tab
B17: Blinkit dark stores, closing | C17: count | D17: =Assumptions!F14 -> 3300 | E17: =Assumptions!G14 -> 4300 | F17: =Assumptions!H14 -> 5200 | G17: =Assumptions!I14 -> 6000 | H17: =Assumptions!J14 -> 6700 | I17: =Assumptions!K14 -> 7300 | J17: =Assumptions!L14 -> 7800 | K17: =Assumptions!M14 -> 8200 | L17: =Assumptions!N14 -> 8500
B18: NOV per store per day | C18: ₹ lakh | D18: =Assumptions!F15 -> 7.9 | E18: =Assumptions!G15 -> 8.5 | F18: =Assumptions!H15 -> 9.15 | G18: =Assumptions!I15 -> 9.8 | H18: =Assumptions!J15 -> 10.4 | I18: =Assumptions!K15 -> 10.95 | J18: =Assumptions!L15 -> 11.45 | K18: =Assumptions!M15 -> 11.9 | L18: =Assumptions!N15 -> 12.3
B19: Blinkit net order value | C19: ₹ cr | D19: =(Assumptions!$E$14+D17)/2*365*D18/100 -> 80738 | E19: =(D17+E17)/2*365*E18/100 -> 117895 | F19: =(E17+F17)/2*365*F18/100 -> 158638.12 | G19: =(F17+G17)/2*365*G18/100 -> 200312 | H19: =(G17+H17)/2*365*H18/100 -> 241046 | I19: =(H17+I17)/2*365*I18/100 -> 279772.5 | J19: =(I17+J17)/2*365*J18/100 -> 315533.37 | K19: =(J17+K17)/2*365*K18/100 -> 347480 | L19: =(K17+L17)/2*365*L18/100 -> 374873.25
B20: Blinkit adjusted EBITDA margin (% of NOV) | C20: % | D20: =Assumptions!F17 -> 0.02 | E20: =Assumptions!G17 -> 0.034 | F20: =Assumptions!H17 -> 0.044 | G20: =Assumptions!I17 -> 0.051 | H20: =Assumptions!J17 -> 0.055 | I20: =Assumptions!K17 -> 0.058 | J20: =Assumptions!L17 -> 0.06 | K20: =Assumptions!M17 -> 0.062 | L20: =Assumptions!N17 -> 0.064
B21: Consolidated adjusted EBITDA | C21: ₹ cr | D21: =D19*D20+(RevBuild!F44-RevBuild!F16) -> 3985.0552 | E21: =E19*E20+(RevBuild!G44-RevBuild!G16) -> 7655.4012 | F21: =F19*F20+(RevBuild!H44-RevBuild!H16) -> 12016.294 | G21: =G19*G20+(RevBuild!I44-RevBuild!I16) -> 16897.088 | H21: =H19*H20+(RevBuild!J44-RevBuild!J16) -> 21228.872 | I21: =I19*I20+(RevBuild!K44-RevBuild!K16) -> 25416.801 | J21: =J19*J20+(RevBuild!L44-RevBuild!L16) -> 29153.968 | K21: =K19*K20+(RevBuild!M44-RevBuild!M16) -> 32774.704 | L21: =L19*L20+(RevBuild!N44-RevBuild!N16) -> 36251.492
B22: Free cash flow to the firm | C22: ₹ cr | D22: =DCF!F13*D21/RevBuild!F44 -> 3146.1557 | E22: =DCF!G13*E21/RevBuild!G44 -> 5831.2864 | F22: =DCF!H13*F21/RevBuild!H44 -> 9664.2564 | G22: =DCF!I13*G21/RevBuild!I44 -> 13216.339 | H22: =DCF!J13*H21/RevBuild!J44 -> 15849.881 | I22: =DCF!K13*I21/RevBuild!K44 -> 18813.26 | J22: =DCF!L13*J21/RevBuild!L44 -> 21438.146 | K22: =DCF!M13*K21/RevBuild!M44 -> 23960.408 | L22: =DCF!N13*L21/RevBuild!N44 -> 26361.321
B23: WACC / terminal growth | D23: =Assumptions!$D$59 -> 0.12660169 | E23: =Assumptions!$D$60 -> 0.065 | M23: =(D22/(1+$D$23)^1+E22/(1+$D$23)^2+F22/(1+$D$23)^3+G22/(1+$D$23)^4+H22/(1+$D$23)^5+I22/(1+$D$23)^6+J22/(1+$D$23)^7+K22/(1+$D$23)^8+L22/(1+$D$23)^9+L22*(1+$E$23)/($D$23-$E$23)/(1+$D$23)^9+DCF!$N$33)/DCF!$N$37 -> 251.42107
B24: Implied upside / (downside) vs reference price | M24: =M23/Assumptions!$D$6-1 -> 0.035208441
A26: # | B26: BEAR - Amazon Now, Flipkart Minutes and a freshly funded Zepto turn quick commerce into a multi-year subsidy war
B27: Blinkit dark stores, closing | C27: count | D27: 3000 | E27: 3600 | F27: 4100 | G27: 4500 | H27: 4800 | I27: 5000 | J27: 5150 | K27: 5250 | L27: 5300
B28: NOV per store per day | C28: ₹ lakh | D28: 8.2 | E28: 8.4 | F28: 8.7 | G28: 9 | H28: 9.3 | I28: 9.55 | J28: 9.8 | K28: 10 | L28: 10.2
B29: Blinkit net order value | C29: ₹ cr | D29: =(Assumptions!$E$14+D27)/2*365*D28/100 -> 79314.5 | E29: =(D27+E27)/2*365*E28/100 -> 101178 | F29: =(E27+F27)/2*365*F28/100 -> 122256.75 | G29: =(F27+G27)/2*365*G28/100 -> 141255 | H29: =(G27+H27)/2*365*H28/100 -> 157844.25 | I29: =(H27+I27)/2*365*I28/100 -> 170801.75 | J29: =(I27+J27)/2*365*J28/100 -> 181532.75 | K29: =(J27+K27)/2*365*K28/100 -> 189800 | L29: =(K27+L27)/2*365*L28/100 -> 196388.25
B30: Blinkit adjusted EBITDA margin (% of NOV) | C30: % | D30: 0.008 | E30: 0.015 | F30: 0.022 | G30: 0.028 | H30: 0.032 | I30: 0.035 | J30: 0.036 | K30: 0.037 | L30: 0.037
B31: Consolidated adjusted EBITDA | C31: ₹ cr | D31: =D29*D30+(RevBuild!F44-RevBuild!F16) -> 3004.8112 | E31: =E29*E30+(RevBuild!G44-RevBuild!G16) -> 5164.6412 | F31: =F29*F30+(RevBuild!H44-RevBuild!H16) -> 7725.8651 | G31: =G29*G30+(RevBuild!I44-RevBuild!I16) -> 10636.316 | H31: =H29*H30+(RevBuild!J44-RevBuild!J16) -> 13022.358 | I31: =I29*I30+(RevBuild!K44-RevBuild!K16) -> 15168.058 | J31: =J29*J30+(RevBuild!L44-RevBuild!L16) -> 16757.145 | K31: =K29*K30+(RevBuild!M44-RevBuild!M16) -> 18253.544 | L31: =L29*L30+(RevBuild!N44-RevBuild!N16) -> 19525.969
B32: Free cash flow to the firm | C32: ₹ cr | D32: =DCF!F13*D31/RevBuild!F44 -> 2372.2642 | E32: =DCF!G13*E31/RevBuild!G44 -> 3934.02 | F32: =DCF!H13*F31/RevBuild!H44 -> 6213.6247 | G32: =DCF!I13*G31/RevBuild!I44 -> 8319.3717 | H32: =DCF!J13*H31/RevBuild!J44 -> 9722.7411 | I32: =DCF!K13*I31/RevBuild!K44 -> 11227.244 | J32: =DCF!L13*J31/RevBuild!L44 -> 12322.237 | K32: =DCF!M13*K31/RevBuild!M44 -> 13344.51 | L32: =DCF!N13*L31/RevBuild!N44 -> 14198.874
B33: WACC / terminal growth | D33: 0.136 | E33: 0.06 | M33: =(D32/(1+$D$33)^1+E32/(1+$D$33)^2+F32/(1+$D$33)^3+G32/(1+$D$33)^4+H32/(1+$D$33)^5+I32/(1+$D$33)^6+J32/(1+$D$33)^7+K32/(1+$D$33)^8+L32/(1+$D$33)^9+L32*(1+$E$33)/($D$33-$E$33)/(1+$D$33)^9+DCF!$N$33)/DCF!$N$37 -> 125.24427
B34: Implied upside / (downside) vs reference price | M34: =M33/Assumptions!$D$6-1 -> -0.48431562
A36: # | B36: SCENARIO SUMMARY
D37: Value/share | E37: Upside | F37: Probability | G37: Weighted
B38: Bull | D38: =M13 -> 443.20117 | E38: =D38/Assumptions!$D$6-1 -> 0.82484937 | F38: 0.25 | G38: =D38*F38 -> 110.80029
B39: Base | D39: =M23 -> 251.42107 | E39: =D39/Assumptions!$D$6-1 -> 0.035208441 | F39: 0.5 | G39: =D39*F39 -> 125.71054
B40: Bear | D40: =M33 -> 125.24427 | E40: =D40/Assumptions!$D$6-1 -> -0.48431562 | F40: 0.25 | G40: =D40*F40 -> 31.311067
B41: Probability-weighted value per share | G41: =SUM(G38:G40) -> 267.8219
B42: Probability check (must equal 100%) | F42: =SUM(F38:F40) -> 1

Sheet WACC
B2: Cost of Capital - CAPM Build
A4: # | B4: Peer | C4: Levered beta | D4: Debt / equity | E4: Tax rate | F4: Unlevered beta
B5: Swiggy Limited | C5: 1.35 | D5: 0.05 | E5: 0.25 | F5: =C5/(1+(1-E5)*D5) -> 1.3012048
B6: Avenue Supermarts (DMart) | C6: 0.72 | D6: 0.06 | E6: 0.255 | F6: =C6/(1+(1-E6)*D6) -> 0.68919307
B7: FSN E-Commerce Ventures (Nykaa) | C7: 1.05 | D7: 0.1 | E7: 0.25 | F7: =C7/(1+(1-E7)*D7) -> 0.97674419
B8: Info Edge (India) | C8: 0.95 | D8: 0.01 | E8: 0.25 | F8: =C8/(1+(1-E8)*D8) -> 0.94292804
B9: Brainbees Solutions (FirstCry) | C9: 1.15 | D9: 0.05 | E9: 0.25 | F9: =C9/(1+(1-E9)*D9) -> 1.1084337
B10: Median unlevered beta | F10: =MEDIAN(F5:F9) -> 0.97674419
A12: # | B12: COST OF EQUITY
B13: Risk-free rate - India 10Y G-Sec | D13: 0.068
B14: Equity risk premium - India | D14: 0.06
B15: Target debt / equity (market values, leases only) | D15: =D24/D23 -> 0.020010303
B16: Marginal tax rate | D16: 0.25
B17: Relevered beta for Eternal | D17: =F10*(1+(1-D16)*D15) -> 0.9914029
B18: Cost of equity = Rf + beta × ERP | D18: =D13+D17*D14 -> 0.12748417
A20: # | B20: COST OF DEBT & CAPITAL WEIGHTS
B21: Pre-tax cost of debt | D21: =Assumptions!$E$42 -> 0.11
B22: After-tax cost of debt | D22: =D21*(1-D16) -> 0.0825
B23: Market capitalisation (₹ cr) | D23: =Assumptions!$D$8 -> 234379.26
B24: Lease liabilities, FY26E (₹ cr) | D24: =Model!E49 -> 4690
B25: Weight of equity | D25: =D23/(D23+D24) -> 0.98038225
B26: Weight of debt | D26: =D24/(D23+D24) -> 0.019617746
B28: WACC | D28: =D25*D18+D26*D22 -> 0.12660169

Sheet Sensitivity
B2: Sensitivity - Value per Share
B3: WACC × terminal growth on the nine-year FY27E-FY35E forecast. Live formulas throughout; no Excel data table, so the grid cannot silently fail to recalculate.
B5: VALUE PER SHARE (₹) - WACC (rows) × TERMINAL GROWTH (columns)
A6: # | B6: WACC \ g | C6: 0.055 | D6: 0.06 | E6: 0.065 | F6: 0.07 | G6: 0.075
B7: =Assumptions!$D$59+-0.01 -> 0.11660169 | C7: =(DCF!$F$13/(1+$B7)^1+DCF!$G$13/(1+$B7)^2+DCF!$H$13/(1+$B7)^3+DCF!$I$13/(1+$B7)^4+DCF!$J$13/(1+$B7)^5+DCF!$K$13/(1+$B7)^6+DCF!$L$13/(1+$B7)^7+DCF!$M$13/(1+$B7)^8+DCF!$N$13/(1+$B7)^9+DCF!$N$13*(1+C$6)/($B7-C$6)/(1+$B7)^9+DCF!$N$33)/DCF!$N$37 -> 266.92887 | D7: =(DCF!$F$13/(1+$B7)^1+DCF!$G$13/(1+$B7)^2+DCF!$H$13/(1+$B7)^3+DCF!$I$13/(1+$B7)^4+DCF!$J$13/(1+$B7)^5+DCF!$K$13/(1+$B7)^6+DCF!$L$13/(1+$B7)^7+DCF!$M$13/(1+$B7)^8+DCF!$N$13/(1+$B7)^9+DCF!$N$13*(1+D$6)/($B7-D$6)/(1+$B7)^9+DCF!$N$33)/DCF!$N$37 -> 283.13889 | E7: =(DCF!$F$13/(1+$B7)^1+DCF!$G$13/(1+$B7)^2+DCF!$H$13/(1+$B7)^3+DCF!$I$13/(1+$B7)^4+DCF!$J$13/(1+$B7)^5+DCF!$K$13/(1+$B7)^6+DCF!$L$13/(1+$B7)^7+DCF!$M$13/(1+$B7)^8+DCF!$N$13/(1+$B7)^9+DCF!$N$13*(1+E$6)/($B7-E$6)/(1+$B7)^9+DCF!$N$33)/DCF!$N$37 -> 302.49029 | F7: =(DCF!$F$13/(1+$B7)^1+DCF!$G$13/(1+$B7)^2+DCF!$H$13/(1+$B7)^3+DCF!$I$13/(1+$B7)^4+DCF!$J$13/(1+$B7)^5+DCF!$K$13/(1+$B7)^6+DCF!$L$13/(1+$B7)^7+DCF!$M$13/(1+$B7)^8+DCF!$N$13/(1+$B7)^9+DCF!$N$13*(1+F$6)/($B7-F$6)/(1+$B7)^9+DCF!$N$33)/DCF!$N$37 -> 325.9942 | G7: =(DCF!$F$13/(1+$B7)^1+DCF!$G$13/(1+$B7)^2+DCF!$H$13/(1+$B7)^3+DCF!$I$13/(1+$B7)^4+DCF!$J$13/(1+$B7)^5+DCF!$K$13/(1+$B7)^6+DCF!$L$13/(1+$B7)^7+DCF!$M$13/(1+$B7)^8+DCF!$N$13/(1+$B7)^9+DCF!$N$13*(1+G$6)/($B7-G$6)/(1+$B7)^9+DCF!$N$33)/DCF!$N$37 -> 355.14786
B8: =Assumptions!$D$59+-0.005 -> 0.12160169 | C8: =(DCF!$F$13/(1+$B8)^1+DCF!$G$13/(1+$B8)^2+DCF!$H$13/(1+$B8)^3+DCF!$I$13/(1+$B8)^4+DCF!$J$13/(1+$B8)^5+DCF!$K$13/(1+$B8)^6+DCF!$L$13/(1+$B8)^7+DCF!$M$13/(1+$B8)^8+DCF!$N$13/(1+$B8)^9+DCF!$N$13*(1+C$6)/($B8-C$6)/(1+$B8)^9+DCF!$N$33)/DCF!$N$37 -> 245.73344 | D8: =(DCF!$F$13/(1+$B8)^1+DCF!$G$13/(1+$B8)^2+DCF!$H$13/(1+$B8)^3+DCF!$I$13/(1+$B8)^4+DCF!$J$13/(1+$B8)^5+DCF!$K$13/(1+$B8)^6+DCF!$L$13/(1+$B8)^7+DCF!$M$13/(1+$B8)^8+DCF!$N$13/(1+$B8)^9+DCF!$N$13*(1+D$6)/($B8-D$6)/(1+$B8)^9+DCF!$N$33)/DCF!$N$37 -> 259.02589 | E8: =(DCF!$F$13/(1+$B8)^1+DCF!$G$13/(1+$B8)^2+DCF!$H$13/(1+$B8)^3+DCF!$I$13/(1+$B8)^4+DCF!$J$13/(1+$B8)^5+DCF!$K$13/(1+$B8)^6+DCF!$L$13/(1+$B8)^7+DCF!$M$13/(1+$B8)^8+DCF!$N$13/(1+$B8)^9+DCF!$N$13*(1+E$6)/($B8-E$6)/(1+$B8)^9+DCF!$N$33)/DCF!$N$37 -> 274.66675 | F8: =(DCF!$F$13/(1+$B8)^1+DCF!$G$13/(1+$B8)^2+DCF!$H$13/(1+$B8)^3+DCF!$I$13/(1+$B8)^4+DCF!$J$13/(1+$B8)^5+DCF!$K$13/(1+$B8)^6+DCF!$L$13/(1+$B8)^7+DCF!$M$13/(1+$B8)^8+DCF!$N$13/(1+$B8)^9+DCF!$N$13*(1+F$6)/($B8-F$6)/(1+$B8)^9+DCF!$N$33)/DCF!$N$37 -> 293.33869 | G8: =(DCF!$F$13/(1+$B8)^1+DCF!$G$13/(1+$B8)^2+DCF!$H$13/(1+$B8)^3+DCF!$I$13/(1+$B8)^4+DCF!$J$13/(1+$B8)^5+DCF!$K$13/(1+$B8)^6+DCF!$L$13/(1+$B8)^7+DCF!$M$13/(1+$B8)^8+DCF!$N$13/(1+$B8)^9+DCF!$N$13*(1+G$6)/($B8-G$6)/(1+$B8)^9+DCF!$N$33)/DCF!$N$37 -> 316.01733
B9: =Assumptions!$D$59+0 -> 0.12660169 | C9: =(DCF!$F$13/(1+$B9)^1+DCF!$G$13/(1+$B9)^2+DCF!$H$13/(1+$B9)^3+DCF!$I$13/(1+$B9)^4+DCF!$J$13/(1+$B9)^5+DCF!$K$13/(1+$B9)^6+DCF!$L$13/(1+$B9)^7+DCF!$M$13/(1+$B9)^8+DCF!$N$13/(1+$B9)^9+DCF!$N$13*(1+C$6)/($B9-C$6)/(1+$B9)^9+DCF!$N$33)/DCF!$N$37 -> 227.5571 | D9: =(DCF!$F$13/(1+$B9)^1+DCF!$G$13/(1+$B9)^2+DCF!$H$13/(1+$B9)^3+DCF!$I$13/(1+$B9)^4+DCF!$J$13/(1+$B9)^5+DCF!$K$13/(1+$B9)^6+DCF!$L$13/(1+$B9)^7+DCF!$M$13/(1+$B9)^8+DCF!$N$13/(1+$B9)^9+DCF!$N$13*(1+D$6)/($B9-D$6)/(1+$B9)^9+DCF!$N$33)/DCF!$N$37 -> 238.59331 | E9: =(DCF!$F$13/(1+$B9)^1+DCF!$G$13/(1+$B9)^2+DCF!$H$13/(1+$B9)^3+DCF!$I$13/(1+$B9)^4+DCF!$J$13/(1+$B9)^5+DCF!$K$13/(1+$B9)^6+DCF!$L$13/(1+$B9)^7+DCF!$M$13/(1+$B9)^8+DCF!$N$13/(1+$B9)^9+DCF!$N$13*(1+E$6)/($B9-E$6)/(1+$B9)^9+DCF!$N$33)/DCF!$N$37 -> 251.42107 | F9: =(DCF!$F$13/(1+$B9)^1+DCF!$G$13/(1+$B9)^2+DCF!$H$13/(1+$B9)^3+DCF!$I$13/(1+$B9)^4+DCF!$J$13/(1+$B9)^5+DCF!$K$13/(1+$B9)^6+DCF!$L$13/(1+$B9)^7+DCF!$M$13/(1+$B9)^8+DCF!$N$13/(1+$B9)^9+DCF!$N$13*(1+F$6)/($B9-F$6)/(1+$B9)^9+DCF!$N$33)/DCF!$N$37 -> 266.51516 | G9: =(DCF!$F$13/(1+$B9)^1+DCF!$G$13/(1+$B9)^2+DCF!$H$13/(1+$B9)^3+DCF!$I$13/(1+$B9)^4+DCF!$J$13/(1+$B9)^5+DCF!$K$13/(1+$B9)^6+DCF!$L$13/(1+$B9)^7+DCF!$M$13/(1+$B9)^8+DCF!$N$13/(1+$B9)^9+DCF!$N$13*(1+G$6)/($B9-G$6)/(1+$B9)^9+DCF!$N$33)/DCF!$N$37 -> 284.53435
B10: =Assumptions!$D$59+0.005 -> 0.13160169 | C10: =(DCF!$F$13/(1+$B10)^1+DCF!$G$13/(1+$B10)^2+DCF!$H$13/(1+$B10)^3+DCF!$I$13/(1+$B10)^4+DCF!$J$13/(1+$B10)^5+DCF!$K$13/(1+$B10)^6+DCF!$L$13/(1+$B10)^7+DCF!$M$13/(1+$B10)^8+DCF!$N$13/(1+$B10)^9+DCF!$N$13*(1+C$6)/($B10-C$6)/(1+$B10)^9+DCF!$N$33)/DCF!$N$37 -> 211.80689 | D10: =(DCF!$F$13/(1+$B10)^1+DCF!$G$13/(1+$B10)^2+DCF!$H$13/(1+$B10)^3+DCF!$I$13/(1+$B10)^4+DCF!$J$13/(1+$B10)^5+DCF!$K$13/(1+$B10)^6+DCF!$L$13/(1+$B10)^7+DCF!$M$13/(1+$B10)^8+DCF!$N$13/(1+$B10)^9+DCF!$N$13*(1+D$6)/($B10-D$6)/(1+$B10)^9+DCF!$N$33)/DCF!$N$37 -> 221.06839 | E10: =(DCF!$F$13/(1+$B10)^1+DCF!$G$13/(1+$B10)^2+DCF!$H$13/(1+$B10)^3+DCF!$I$13/(1+$B10)^4+DCF!$J$13/(1+$B10)^5+DCF!$K$13/(1+$B10)^6+DCF!$L$13/(1+$B10)^7+DCF!$M$13/(1+$B10)^8+DCF!$N$13/(1+$B10)^9+DCF!$N$13*(1+E$6)/($B10-E$6)/(1+$B10)^9+DCF!$N$33)/DCF!$N$37 -> 231.72048 | F10: =(DCF!$F$13/(1+$B10)^1+DCF!$G$13/(1+$B10)^2+DCF!$H$13/(1+$B10)^3+DCF!$I$13/(1+$B10)^4+DCF!$J$13/(1+$B10)^5+DCF!$K$13/(1+$B10)^6+DCF!$L$13/(1+$B10)^7+DCF!$M$13/(1+$B10)^8+DCF!$N$13/(1+$B10)^9+DCF!$N$13*(1+F$6)/($B10-F$6)/(1+$B10)^9+DCF!$N$33)/DCF!$N$37 -> 244.10176 | G10: =(DCF!$F$13/(1+$B10)^1+DCF!$G$13/(1+$B10)^2+DCF!$H$13/(1+$B10)^3+DCF!$I$13/(1+$B10)^4+DCF!$J$13/(1+$B10)^5+DCF!$K$13/(1+$B10)^6+DCF!$L$13/(1+$B10)^7+DCF!$M$13/(1+$B10)^8+DCF!$N$13/(1+$B10)^9+DCF!$N$13*(1+G$6)/($B10-G$6)/(1+$B10)^9+DCF!$N$33)/DCF!$N$37 -> 258.67047
B11: =Assumptions!$D$59+0.01 -> 0.13660169 | C11: =(DCF!$F$13/(1+$B11)^1+DCF!$G$13/(1+$B11)^2+DCF!$H$13/(1+$B11)^3+DCF!$I$13/(1+$B11)^4+DCF!$J$13/(1+$B11)^5+DCF!$K$13/(1+$B11)^6+DCF!$L$13/(1+$B11)^7+DCF!$M$13/(1+$B11)^8+DCF!$N$13/(1+$B11)^9+DCF!$N$13*(1+C$6)/($B11-C$6)/(1+$B11)^9+DCF!$N$33)/DCF!$N$37 -> 198.03527 | D11: =(DCF!$F$13/(1+$B11)^1+DCF!$G$13/(1+$B11)^2+DCF!$H$13/(1+$B11)^3+DCF!$I$13/(1+$B11)^4+DCF!$J$13/(1+$B11)^5+DCF!$K$13/(1+$B11)^6+DCF!$L$13/(1+$B11)^7+DCF!$M$13/(1+$B11)^8+DCF!$N$13/(1+$B11)^9+DCF!$N$13*(1+D$6)/($B11-D$6)/(1+$B11)^9+DCF!$N$33)/DCF!$N$37 -> 205.88018 | E11: =(DCF!$F$13/(1+$B11)^1+DCF!$G$13/(1+$B11)^2+DCF!$H$13/(1+$B11)^3+DCF!$I$13/(1+$B11)^4+DCF!$J$13/(1+$B11)^5+DCF!$K$13/(1+$B11)^6+DCF!$L$13/(1+$B11)^7+DCF!$M$13/(1+$B11)^8+DCF!$N$13/(1+$B11)^9+DCF!$N$13*(1+E$6)/($B11-E$6)/(1+$B11)^9+DCF!$N$33)/DCF!$N$37 -> 214.82073 | F11: =(DCF!$F$13/(1+$B11)^1+DCF!$G$13/(1+$B11)^2+DCF!$H$13/(1+$B11)^3+DCF!$I$13/(1+$B11)^4+DCF!$J$13/(1+$B11)^5+DCF!$K$13/(1+$B11)^6+DCF!$L$13/(1+$B11)^7+DCF!$M$13/(1+$B11)^8+DCF!$N$13/(1+$B11)^9+DCF!$N$13*(1+F$6)/($B11-F$6)/(1+$B11)^9+DCF!$N$33)/DCF!$N$37 -> 225.10366 | G11: =(DCF!$F$13/(1+$B11)^1+DCF!$G$13/(1+$B11)^2+DCF!$H$13/(1+$B11)^3+DCF!$I$13/(1+$B11)^4+DCF!$J$13/(1+$B11)^5+DCF!$K$13/(1+$B11)^6+DCF!$L$13/(1+$B11)^7+DCF!$M$13/(1+$B11)^8+DCF!$N$13/(1+$B11)^9+DCF!$N$13*(1+G$6)/($B11-G$6)/(1+$B11)^9+DCF!$N$33)/DCF!$N$37 -> 237.05586
B13: IMPLIED UPSIDE / (DOWNSIDE) vs REFERENCE PRICE
A14: # | B14: WACC \ g | C14: 0.055 | D14: 0.06 | E14: 0.065 | F14: 0.07 | G14: 0.075
B15: =Assumptions!$D$59+-0.01 -> 0.11660169 | C15: =C7/Assumptions!$D$6-1 -> 0.099060686 | D15: =D7/Assumptions!$D$6-1 -> 0.16580431 | E15: =E7/Assumptions!$D$6-1 -> 0.24548233 | F15: =F7/Assumptions!$D$6-1 -> 0.34225801 | G15: =G7/Assumptions!$D$6-1 -> 0.46229613
B16: =Assumptions!$D$59+-0.005 -> 0.12160169 | C16: =C8/Assumptions!$D$6-1 -> 0.011790031 | D16: =D8/Assumptions!$D$6-1 -> 0.066520724 | E16: =E8/Assumptions!$D$6-1 -> 0.13092086 | F16: =F8/Assumptions!$D$6-1 -> 0.20780124 | G16: =G8/Assumptions!$D$6-1 -> 0.30117896
B17: =Assumptions!$D$59+0 -> 0.12660169 | C17: =C9/Assumptions!$D$6-1 -> -0.063049797 | D17: =D9/Assumptions!$D$6-1 -> -0.017608957 | E17: =E9/Assumptions!$D$6-1 -> 0.035208441 | F17: =F9/Assumptions!$D$6-1 -> 0.097357257 | G17: =G9/Assumptions!$D$6-1 -> 0.17155002
B18: =Assumptions!$D$59+0.005 -> 0.13160169 | C18: =C10/Assumptions!$D$6-1 -> -0.12790016 | D18: =D10/Assumptions!$D$6-1 -> -0.089766567 | E18: =E10/Assumptions!$D$6-1 -> -0.045907354 | F18: =F10/Assumptions!$D$6-1 -> 0.0050716667 | G18: =G10/Assumptions!$D$6-1 -> 0.065057313
B19: =Assumptions!$D$59+0.01 -> 0.13660169 | C19: =C11/Assumptions!$D$6-1 -> -0.18460381 | D19: =D11/Assumptions!$D$6-1 -> -0.15230294 | E19: =E11/Assumptions!$D$6-1 -> -0.11549089 | F19: =F11/Assumptions!$D$6-1 -> -0.073151636 | G19: =G11/Assumptions!$D$6-1 -> -0.02393932
